 Dungeon Crawl Stone Soup version 0.24.1-14-gf8d2b509d9 (webtiles) character file.

Game seed: 8940035886640621340, levelgen mode: deterministic

9659264 Bowmetheus the Opulent (level 27, 247/247 HPs)
             Began as a Gnoll Wanderer on Mar 25, 2024.
             Was an Initiate of Gozag.
             Escaped with the Orb
             ... and 15 runes on Apr 10, 2024!
             The game lasted 19:43:01 (178544 turns).

Bowmetheus the Opulent (Gnoll Wanderer)           Turns: 178544, Time: 19:43:02

Health: 247/247    AC: 36    Str: 44    XL:     27
Magic:  47/48      EV: 32    Int: 29    God:    Gozag
Gold:   8349       SH: 42    Dex: 16    Spells: 5/80 levels left

rFire    + + +     SeeInvis .   b - +9 broad axe (chop)
rCold    + . .     Gourm    .   G - +8 large shield {AC+3}
rNeg     . . .     Faith    .   c - +3 faerie dragon scales {rF+ rCorr Str+5}
rPois    +         Spirit   .   h - +0 helmet "Hieshret" {rElec MR+ Str+7}
rElec    +         Reflect  +   v - +2 cloak {+Inv}
rCorr    +         Harm     .   g - +2 pair of gloves {archery}
MR       +++..                  B - +2 pair of boots {run}
Stlth    ++++......             J - amulet "Nytich" {Reflect rF+ Str+9 Int+3 Dex-4 SH+3}
HPRegen  0.51/turn              m - ring "Etaafepp" {Str+4 Dex+6 Stlth+}
MPRegen  0.31/turn              Y - ring "Vuhog" {*Drain rPois rF+ rC+ Stlth+}

@: bribing [the Dungeon, the Depths], quick
A: distributed training, fangs 1, molten scales 1, clever 1, low mp 1, sense
surroundings 1, strong nose
0: Orb of Zot
}: 15/15 runes: barnacled, slimy, silver, golden, iron, obsidian, icy, bone,
abyssal, demonic, glowing, magical, fiery, dark, gossamer
a: Potion Petition, Call Merchant, Bribe Branch, Renounce Religion, Evoke
Invisibility


You escaped.
You worshipped Gozag.
Gozag was greatly pleased with you.
You were not hungry.

You visited 18 branches of the dungeon, and saw 90 of its levels.
You visited Pandemonium 6 times, and saw 12 of its levels.
You visited the Abyss 36 times.
You visited 1 bazaar.
You visited 1 ziggurat, and saw 21 of its levels.
You also visited: Ice Cave.

You collected 66162 gold pieces.
You spent 6907 gold pieces at shops.
You paid 50906 gold pieces to Gozag.

Inventory:

Hand Weapons
 a - the +7 hand crossbow of Juuciri {flame, Str+2 SInv Stlth+}
   (Okawaru gifted it to you on level 3 of the Lair of Beasts)

   It causes projectiles fired from it to burn those they strike, causing extra
   injury to most foes and up to half again as much damage against particularly
   susceptible opponents.
   It affects your strength (+2).
   It lets you see invisible.
   It makes you more stealthy.
 b - a +9 broad axe of chopping (weapon)
 s - the +8 arc blade {discharge, rElec}
   (You found it on level 3 of a ziggurat)

   It insulates you from electricity.
 w - the +18 lance "Wyrmbane" {slay drac, rPois rF+ rC+ AC+3}
   (You found it on level 19 of a ziggurat)

   It affects your AC (+3).
   It protects you from fire.
   It protects you from cold.
   It protects you from poison.
Missiles
 i - 202 silver javelins
 j - 1853 bolts
 l - 42 atropa-tipped darts (quivered)
Armour
 c - the +3 faerie dragon scales (worn) {rF+ rCorr Str+5}
   (You took it off the Enchantress on level 2 of the Depths)

   It affects your strength (+5).
   It protects you from fire.
   It provides partial protection from all sources of acid and corrosion.
 g - a +2 pair of gloves of archery (worn)
 h - the +0 helmet "Hieshret" (worn) {rElec MR+ Str+7}
   (You acquired it on level 5 of the Dungeon)

   It affects your strength (+7).
   It insulates you from electricity.
   It affects your resistance to hostile enchantments.
 r - the -2 hat of the Alchemist {rElec rPois rF+ rC+ rN+ MR+ rMut rCorr}
   (You found it on level 3 of the Tomb of the Ancients)

   It protects you from fire.
   It protects you from cold.
   It insulates you from electricity.
   It protects you from poison.
   It protects you from negative energy.
   It affects your resistance to hostile enchantments.
   It provides partial protection from all sources of acid and corrosion.
   It protects you from mutation.
 v - a +2 cloak of invisibility (worn)
 B - a +2 pair of boots of running (worn)
 C - +12 gold dragon scales
 G - a +8 large shield of protection (worn)
Jewellery
 m - the ring "Etaafepp" (left hand) {Str+4 Dex+6 Stlth+}
   (You found it on level 8 of a ziggurat)

   [ring of stealth]

   It affects your strength (+4).
   It affects your dexterity (+6).
   It makes you more stealthy.
 J - the amulet "Nytich" (around neck) {Reflect rF+ Str+9 Int+3 Dex-4 SH+3}
   (You found it on level 1 of the Elven Halls)

   [amulet of reflection]

   It shields you and reflects attacks.
   It affects your strength (+9).
   It affects your intelligence (+3).
   It affects your dexterity (-4).
   It protects you from fire.
   It affects your SH (+3).
 Y - the ring "Vuhog" (right hand) {*Drain rPois rF+ rC+ Stlth+}
   (You bought it in a shop on level 3 of the Shoals)

   [ring of stealth]

   It protects you from fire.
   It protects you from cold.
   It protects you from poison.
   It causes draining when unequipped.
   It makes you more stealthy.
Wands
 q - a wand of acid (92)
 A - a wand of enslavement (37)
 R - a wand of clouds (18)
Scrolls
 e - 18 scrolls of fear
 f - 28 scrolls of fog
 o - 12 scrolls of identify
 Q - 5 scrolls of holy word
 T - 53 scrolls of teleportation
 U - 47 scrolls of remove curse
 X - 15 scrolls of magic mapping
 Z - 18 scrolls of blinking
Potions
 k - 18 potions of mutation
 t - 31 potions of might
 u - 52 potions of curing
 y - 18 potions of agility
 z - 8 potions of haste
 D - 21 potions of lignification
 E - 6 potions of resistance
 F - 21 potions of flight
 H - 26 potions of heal wounds
 K - 6 potions of cancellation
 O - 13 potions of magic
 V - 15 potions of brilliance
Miscellaneous
 d - a figurine of a ziggurat
 n - 7 phantom mirrors
 I - a lamp of fire
 L - 9 boxes of beasts
 N - a lightning rod (4/4)
 P - a phial of floods
Comestibles
 x - 85 rations


   Skills:
 + Level 26.9 Fighting
 + Level 26.8 Short Blades
 + Level 26.8 Long Blades
 + Level 26.8 Axes
 + Level 26.8 Maces & Flails
 + Level 26.8 Polearms
 + Level 26.8 Staves
 + Level 26.8 Slings
 + Level 26.8 Bows
 + Level 26.8 Crossbows
 + Level 26.9 Throwing
 + Level 26.8 Armour
 + Level 26.8 Dodging
 + Level 26.8 Stealth
 + Level 26.9 Shields
 + Level 26.8 Unarmed Combat
 O Level 27 Spellcasting
 + Level 23.7 Conjurations
 + Level 23.4 Hexes
 + Level 23.5 Charms
 + Level 23.5 Summonings
 + Level 23.4 Necromancy
 + Level 23.4 Translocations
 + Level 23.4 Transmutations
 + Level 23.4 Fire Magic
 + Level 23.4 Ice Magic
 + Level 23.4 Air Magic
 + Level 23.5 Earth Magic
 + Level 23.4 Poison Magic
 O Level 27 Invocations
 + Level 26.8 Evocations


You had 5 spell levels left.
You knew the following spells:

 Your Spells              Type           Power        Failure   Level  Hunger
a - Apportation           Tloc           ######       0%          1    None
b - Blink                 Tloc           N/A          0%          2    None
c - Corona                Hex            #######      0%          1    None
d - Shatter               Erth           ########..   4%          9    #####..
f - Ignition              Fire           ########..   1%          8    ###....
g - Summon Butterflies    Summ           ########     0%          1    None
j - Call Canine Familiar  Summ           ########     0%          3    None
r - Tornado               Air            ########..   4%          9    #####..
v - Borgnjor's Vile Clut  Necr/Erth      ########..   0%          5    None
x - Infestation           Necr           ########..   1%          8    ###....
z - Necromutation         Tmut/Necr      ########..   1%          8    ###....
C - Inner Flame           Hex/Fire       ########     0%          3    None
F - Portal Projectile     Hex/Tloc       ######       0%          3    None
J - Infusion              Chrm           ####         0%          1    None
R - Iron Shot             Conj/Erth      ########..   0%          6    None
S - Song of Slaying       Chrm           ########     0%          2    None
T - Tukima's Dance        Hex            ########     0%          3    None
V - Shroud of Golubria    Chrm/Tloc      ######       0%          2    None

Your spell library contained the following spells:

 Spells                   Type           Power        Failure   Level  Hunger
 Animate Skeleton         Necr           N/A          0%          1    None
 Beastly Appendage        Tmut           ######       0%          1    None
 Confusing Touch          Hex            ######       0%          1    None
 Flame Tongue             Conj/Fire      #####        0%          1    None
 Freeze                   Ice            ####         0%          1    None
 Magic Dart               Conj           ####         0%          1    None
 Pain                     Necr           ####         0%          1    None
 Sandblast                Erth           ######       0%          1    None
 Shock                    Conj/Air       ####         0%          1    None
 Sting                    Conj/Pois      ####         0%          1    None
 Summon Small Mammal      Summ           ####         0%          1    None
 Call Imp                 Summ           ########     0%          2    None
 Corpse Rot               Necr           N/A          0%          2    None
 Ensorcelled Hibernation  Hex/Ice        ######       0%          2    None
 Passwall                 Tmut/Erth      ########     0%          2    None
 Poisonous Vapours        Pois/Air       ######       0%          2    None
 Searing Ray              Conj           ######       0%          2    None
 Slow                     Hex            ########     0%          2    None
 Sticks to Snakes         Tmut           ########     0%          2    None
 Sublimation of Blood     Necr           ########..   0%          2    None
 Swiftness                Chrm/Air       ########     0%          2    None
 Throw Flame              Conj/Fire      ######       0%          2    None
 Throw Frost              Conj/Ice       ######       0%          2    None
 Confuse                  Hex            ########     0%          3    None
 Conjure Flame            Conj/Fire      ########     0%          3    None
 Dazzling Spray           Conj/Hex       ######       0%          3    None
 Gell's Gravitas          Tloc           ########..   0%          3    None
 Ignite Poison            Fire/Tmut/Pois ########     0%          3    None
 Lesser Beckoning         Tloc           ########..   0%          3    None
 Mephitic Cloud           Conj/Pois/Air  ########     0%          3    None
 Ozocubu's Armour         Chrm/Ice       ########     0%          3    None
 Recall                   Summ/Tloc      N/A          0%          3    None
 Regeneration             Chrm/Necr      ########..   0%          3    None
 Spectral Weapon          Hex/Chrm       ########     0%          3    None
 Spider Form              Tmut/Pois      ########..   0%          3    None
 Static Discharge         Conj/Air       ########     0%          3    None
 Stone Arrow              Conj/Erth      ######       0%          3    None
 Summon Guardian Golem    Hex/Summ       ########     0%          3    None
 Teleport Other           Tloc           ########     0%          3    None
 Vampiric Draining        Necr           ########..   0%          3    None
 Airstrike                Air            ########..   0%          4    None
 Animate Dead             Necr           N/A          0%          4    None
 Cause Fear               Hex            ########..   0%          4    None
 Force Lance              Conj/Tloc      ########     0%          4    None
 Fulminant Prism          Conj/Hex       ########..   0%          4    None
 Ice Form                 Ice/Tmut       ########     0%          4    None
 Iskenderun's Mystic Bla  Conj           ########     0%          4    None
 Leda's Liquefaction      Hex/Erth       ########..   0%          4    None
 Olgreb's Toxic Radiance  Pois           ########     0%          4    None
 Petrify                  Tmut/Erth      ########     0%          4    None
 Sticky Flame             Conj/Fire      ########     0%          4    None
 Summon Ice Beast         Ice/Summ       ########     0%          4    None
 Summon Lightning Spire   Summ/Air       ########     0%          4    None
 Throw Icicle             Conj/Ice       ########     0%          4    None
 Agony                    Necr           ########     0%          5    None
 Alistair's Intoxication  Tmut/Pois      ########     0%          5    None
 Aura of Abjuration       Summ           ########..   0%          5    None
 Blade Hands              Tmut           ########..   0%          5    None
 Bolt of Draining         Conj/Necr      ########..   0%          5    None
 Bolt of Magma            Conj/Fire/Erth ########..   0%          5    None
 Dispel Undead            Necr           ########     0%          5    None
 Excruciating Wounds      Chrm/Necr      ########..   0%          5    None
 Fireball                 Conj/Fire      ########..   0%          5    None
 Irradiate                Conj/Tmut      ########..   0%          5    None
 Iskenderun's Battlesphe  Conj/Chrm      ########     0%          5    None
 Lee's Rapid Deconstruct  Erth           ########..   0%          5    None
 Lightning Bolt           Conj/Air       ########..   0%          5    None
 Metabolic Englaciation   Hex/Ice        ########..   0%          5    None
 Silence                  Hex/Air        ########..   0%          5    None
 Summon Demon             Summ           ########..   0%          5    None
 Summon Forest            Summ/Tloc      ########..   0%          5    None
 Summon Mana Viper        Hex/Summ       ########     0%          5    None
 Venom Bolt               Conj/Pois      ########..   0%          5    None
 Yara's Violent Unravell  Hex/Tmut       ########..   0%          5    None
 Bolt of Fire             Conj/Fire      ########..   0%          6    None
 Conjure Ball Lightning   Conj/Air       ########..   0%          6    None
 Darkness                 Hex            ########..   0%          6    None
 Death Channel            Necr           ########..   0%          6    None
 Deflect Missiles         Chrm/Air       ########..   0%          6    None
 Dispersal                Tloc           ########..   0%          6    None
 Freezing Cloud           Conj/Ice/Air   ########..   0%          6    None
 Hydra Form               Tmut           ########..   0%          6    None
 Invisibility             Hex            ########     0%          6    None
 Ozocubu's Refrigeration  Ice            ########..   0%          6    None
 Poison Arrow             Conj/Pois      ########..   0%          6    None
 Shadow Creatures         Summ           N/A          0%          6    None
 Simulacrum               Ice/Necr       ########..   0%          6    None
 Statue Form              Tmut/Erth      ########.    0%          6    None
 Dragon Form              Tmut           ########..   1%          7    None
 Haunt                    Necr/Summ      ########..   1%          7    None
 Malign Gateway           Summ/Tloc      ########..   1%          7    None
 Orb of Destruction       Conj           ########..   1%          7    None
 Ring of Flames           Chrm/Fire      ########..   1%          7    None
 Spellforged Servitor     Conj/Summ      ########..   1%          7    None
 Summon Hydra             Summ           ########..   1%          7    None
 Borgnjor's Revivificati  Necr           ########..   1%          8    ###....
 Chain Lightning          Conj/Air       ########..   1%          8    ###....
 Controlled Blink         Tloc           N/A          1%          8    ###....
 Death's Door             Chrm/Necr      ########..   1%          8    ###....
 Discord                  Hex            ########..   1%          8    ###....
 Disjunction              Tloc           ########..   1%          8    ###....
 Lehudib's Crystal Spear  Conj/Erth      ########..   1%          8    ###....
 Dragon's Call            Summ           ########..   4%          9    #####..
 Fire Storm               Conj/Fire      ########..   4%          9    #####..
 Glaciate                 Conj/Ice       ########..   4%          9    #####..
 Passage of Golubria      Tloc           Unusable     N/A         4    N/A

Dungeon Overview and Level Annotations

Branches:
Dungeon (15/15)            Temple (1/1) D:4            Lair (6/6) D:11
 Shoals (4/4) Lair:4       Spider (4/4) Lair:4        Slime (5/5) Lair:5
    Orc (2/2) D:9             Elf (3/3) Orc:2        Vaults (5/5) D:14
  Crypt (3/3) Vaults:2       Tomb (3/3) Crypt:3      Depths (5/5) D:15
   Hell (visited)             Dis (7/7) Hell            Geh (7/7) Hell
    Coc (7/7) Hell            Tar (7/7) Hell            Zot (5/5) Depths:5
  IceCv (visited)

Altars:
Ashenzari
Cheibriados
Dithmenos
Elyvilon
Fedhas
Gozag
Hepliaklqana
Kikubaaqudgha
Makhleb
Nemelex Xobeh
Okawaru
Qazlal
Ru
Sif Muna
Trog
Uskayaw
Vehumet
Wu Jian
Xom
Yredelemnul
Zin
The Shining One
Beogh

Shops:
D:9 (   D:14 *:*=[:?:(%[*(}[   Orc:2 [*!*!*!   Elf:3 *   Shoals:1 :
Shoals:3 =   Vaults:4 }   Vaults:5 =   Depths:4 *   Depths:5 !

Portals:
Hell: Depths:1 Depths:2 Depths:3 Depths:4 Depths:5
Abyss: Depths:4
Pandemonium: Depths:1 Depths:3 Depths:4 Depths:5


Innate Abilities, Weirdness & Mutations

Your experience applies equally to all skills.
You have very sharp teeth.
Your uncanny sense of smell can sniff out nearby items.
You are partially covered in molten scales. (AC +2)
Your mind is acute. (Int +2)
Your magical capacity is low. (-10% MP)
You passively map a small area around you.


Message History

(D) Dungeon (T) Temple (L) Lair (A) Shoals (N) Spider Nest (M) Slime Pits (O) Orcish Mines (E) Elven Halls (V) Vaults (C) Crypt (W) Tomb (U) Depths (H) Hell (I) Dis (G) Gehenna (X) Cocytus (Y) Tartarus (Z) Zot
Where to? (* - list waypoints, Enter - D:1 @ (x,y), ? - help)
Okay, then.
There is a staircase leading out of the dungeon here.
There is a staircase leading out of the dungeon here.
Okay, then.
You feel yourself come back to life.
The Executioner stares, then turns away, jangling a coin purse.
An Executioner comes into view.
Enter note: GREAT WIN WITH GREAT GEAR
Enter note: NECROMUTATION SHOWED UP VERY LATE SO WENT TO ZIG AND IT WAS SPICY IN MOMENTS BUT FOUND IT ON ZIG 21ST FLOOR AND WENT BACK TO DUNGEON
Enter note: DID HELLS FIRST SINCE THEY SPAWN UNRANDARTIFACTS THEN DID PAN
Enter note: IGNITION, SHATTER AND TORNADO ALL UP AND RUNNING
Enter note: RUN TOOK LIKE 2 WEEKS SO SOME OF THE BEGINNING PHASES OF THE RUN ARE FUZZY
Enter note: WIN 2 IN A ROW AND START OF NEW STREAK!!! :D You have escaped!

#.....###........
#.....#######.###
#......#### #..##
#.........# ##...
##.######.####... ###.#
#....%.## #.###
####...##### ######.#
#.......## # #...##@#
#####.#..### #...##.#
#.##..## #...##.#
#######..##..# #......#
#.....##.###.. #......#
#.....##....## #......#
#.....#####... ######.#
#.....# #### #.###...>.#
#####
#######...#.....####....


There were no monsters in sight!

Vanquished Creatures
  Cerebov (Pan)
  Antaeus (Coc:7)
  Asmodeus (Geh:7)
  the Royal Jelly (Slime:5)
  Ereshkigal (Tar:7)
  Gloorx Vloq (Pan)
  the Serpent of Hell (Coc:7)
  Lom Lobon (Pan)
  A seraph (Pan)
  Dispater (Dis:7)
  Khufu (Tomb:3)
  Mara (Vaults:4)
  15 ancient liches
  5 juggernauts (Zig:20)
  Sojobo (Depths:1)
  20 greater mummies
  The ghost of Heot Zafel the Impregnable, a veteran MiGl of Hepliaklqana (Crypt:2)
  Boris (twice) (Depths:5 Tomb:1)
  3 shard shrikes
  Bai Suzhen (Vaults:4)
  Margery (Crypt:2)
  A Killer Klown (Zot:4)
  Xtahua (Vaults:4)
  A caustic shrike (Zig:11)
  7 curse toes
  A caustic shrike (shapeshifter) (Depths:2)
  Saint Roka (Depths:3)
  Nikola (Shoals:1)
  Geryon (Hell)
  6 pandemonium lords
  14 golden dragons
  A golden dragon (shapeshifter) (Depths:2)
  3 profane servitors
  the Enchantress (Depths:2)
  36 bone dragons
  2 pearl dragons (Pan)
  7 electric golems
  30 Tzitzimimeh
  17 doom hounds
  2 hellephants
  32 liches
  30 Brimstone Fiends
  An iron giant (shapeshifter) (Depths:2)
  7 iron giants
  14 Ice Fiends
  Jorgrun (D:14)
  4 Orb Guardians
  24 tentacled monstrosities
  Asterion (Depths:1)
  13 Hell Sentinels
  31 titans
  12 quicksilver dragons
  23 acid blobs
  6 deep elf master archers
  5 deep elf blademasters
  4 death cobs
  A sphinx (shapeshifter) (Depths:2)
  Frances (D:13)
  20 Executioners
  21 ancient champions
  11 sphinxes
  37 tentacled starspawn
  2 eldritch tentacles
  15 storm dragons
  3 thorn hunters
  16 shadow dragons
  Donald (Spider:3)
  15 tengu reavers
  Ilsuiw (Shoals:3)
  24 fire giants
  18 daevas (Pan)
  11 draconian monks
  Agnes (D:14)
  13 revenants
  A nagaraja (Zig:6)
  6 draconian knights
  12 azure jellies
  24 frost giants
  An emperor scorpion (shapeshifter) (Zot:2)
  9 vault wardens
  The ghost of rjrrt the Devastator, an adept DEFE of Vehumet (Shoals:3)
  10 deep elf sorcerers
  13 draconian scorchers
  10 iron dragons
  The ghost of TittyCrusher the Stormcaller, an adept TeAE of Vehumet (Shoals:3)
  5 orc warlords (Zig:20)
  11 cacodemons
  37 balrugs
  9 ghost moths
  6 emperor scorpions
  2 warmongers (Pan)
  A caustic shrike zombie (Crypt:2)
  4 draconian shifters
  6 draconian stormcallers (Zig:21)
  34 angels
  7 curse skulls
  A juggernaut zombie (Crypt:1)
  Louise (Elf:1)
  7 deep elf elementalists
  16 ghouls
  61 reapers
  12 ironheart preservers
  24 ophanim
  6 elemental wellsprings
  23 war gargoyles
  5 spriggan defenders
  11 draconian annihilators
  29 stone giants
  2 juggernaut skeletons
  14 black draconians
  40 very ugly things
  6 blood saints
  3 entropy weavers
  A bennu (Tomb:3)
  11 black suns
  23 vampire knights
  9 green draconians
  36 apis (Pan)
  8 deep elf demonologists
  A spark wasp (shapeshifter) (Zig:18)
  15 lorocyprocas
  8 dire elephants
  3 corrupters
  26 deep elf annihilators
  7 yellow draconians
  7 purple draconians
  13 spark wasps
  A red draconian (shapeshifter) (Zot:2)
  6 white draconians
  The ghost of Oluanan the Fighter, a journeyman DsFi of Hepliaklqana (Lair:3)
  9 red draconians
  17 merfolk javelineers
  17 eidola
  24 blizzard demons
  9 ettins
  23 green deaths
  12 deep elf death magi
  9 quicksilver dragon zombies
  13 fire dragons
  9 death oozes
  3 crystal guardians
  14 yaktaur captains
  11 jiangshi
  The ghost of tkbsonic5 the Covert, a journeyman VSAs of Nemelex Xobeh (Lair:6)
  12 great orbs of eyes
  19 merfolk impalers
  23 mummy priests
  16 ogre magi
  Josephine (D:14)
  11 deep elf high priests
  5 monstrous demonspawn
  14 hydras
  A kraken zombie (Coc:7)
  The ghost of Spinowolf the Spear-Bearer, a journeyman MiCK of Xom (D:10)
  22 vault guards
  18 ice dragons
  4 ghost crabs
  2 hell beasts
  12 spriggan air magi
  16 rakshasas
  9 quicksilver dragon skeletons
  5 catoblepae
  44 two-headed ogres
  A catoblepas (shapeshifter) (Zot:2)
  3 juggernaut simulacra (Depths:2)
  5 naga warriors
  2 shambling mangroves
  5 merfolk avatars
  An anaconda (shapeshifter) (Zig:18)
  A satyr (Shoals:2)
  6 alligators
  13 centaur warriors
  5 death knights
  6 alligator snapping turtles
  A two-headed ogre (shapeshifter) (Zig:18)
  30 dancing weapons
  4 tengu warriors
  7 merfolk aquamancers
  4 deep troll shamans
  66 death scarabs
  A queen ant (D:11)
  Urug (Lair:1)
  15 orc high priests
  6 spriggan berserkers
  14 death yaks
  5 titan zombies
  24 vampire magi
  31 hell hogs
  5 deep troll earth magi
  7 iron golems
  42 thrashing horrors
  The ghost of elongatedgoose the Grappler, a novice TrFi of Yredelemnul (D:8)
  30 deep elf knights
  10 shock serpents
  4 titan skeletons
  32 soul eaters
  47 sun demons
  Nergalle (Lair:1)
  12 shadow wraiths
  A salamander mystic (Depths:4)
  5 storm dragon zombies
  23 sea snakes
  99 hell knights
  20 cherubim (Pan)
  A spark wasp zombie (Zig:12)
  23 sixfirhies
  17 deep trolls
  12 spatial maelstroms
  5 death drakes
  11 golden dragon zombies
  28 wretched stars
  10 unseen horrors
  2 ghost moth zombies
  15 iron trolls
  9 infernal demonspawn (Pan)
  3 gelid demonspawn (Pan)
  177 skeletal warriors
  3 torturous demonspawn (Pan)
  2 death drakes (shapeshifter)
  33 flayed ghosts
  5 storm dragon skeletons
  11 wizards
  A swamp dragon (shapeshifter) (Elf:1)
  2 swamp dragons
  9 anaconda zombies
  14 glowing orange brains
  23 shadow demons
  8 anaconda skeletons
  8 golden dragon skeletons
  7 wolf spider zombies
  8 ironbrand convokers
  32 phantasmal warriors
  2 tengu zombies (Zig:12)
  7 orange crystal statues
  13 orc knights
  7 iron dragon zombies
  16 harpies
  24 necromancers
  23 deep elf archers
  A sphinx zombie (Vaults:2)
  An obsidian statue (Crypt:2)
  10 shadow dragon skeletons
  31 wolf spiders
  4 shining eyes
  23 manticores
  8 shadow dragon zombies
  22 orb spiders
  86 deep elf magi
  10 cyclopes
  17 fauns
  9 orc sorcerers
  A manticore (shapeshifter) (Depths:3)
  41 ugly things
  6 oklob plants
  12 worldbinders
  8 iron dragon skeletons
  30 moths of wrath
  10 fire giant zombies
  11 frost giant zombies
  7 stone giant zombies
  A tengu skeleton (Zig:15)
  6 salamanders
  3 shock serpent zombies
  A toenail golem (D:2)
  9 water nymphs
  17 merfolk sirens
  16 stone giant skeletons
  2 guardian serpents (shapeshifter)
  Maurice (D:10)
  5 eyes of devastation
  An eye of devastation (shapeshifter) (Vaults:5)
  66 smoke demons
  4 apocalypse crabs
  7 elephants
  11 frost giant skeletons
  3 black mambas
  12 dire elephant zombies
  A sphinx skeleton (Vaults:2)
  Joseph (D:10)
  10 vault sentinels
  6 fire giant skeletons
  11 molten gargoyles
  3 black mambas (shapeshifter)
  7 ice statues
  2 titan simulacra (Coc:7)
  3 torpor snails
  22 orange demons
  5 guardian serpents
  34 rust devils
  27 spiny frogs
  A catoblepas zombie (Abyss:1)
  2 elephants (shapeshifter)
  2 gargoyles
  A purple draconian zombie (Dis:7)
  A spiny frog (shapeshifter) (Vaults:1)
  35 hellions
  4 shock serpent skeletons
  47 tormentors
  8 human zombies
  7 kobold demonologists
  6 emperor scorpion zombies
  2 storm dragon simulacra (Coc:7)
  52 yaktaurs
  6 orc skeletons
  4 komodo dragons
  A rime drake (shapeshifter) (Vaults:5)
  8 dire elephant skeletons
  46 freezing wraiths
  A yaktaur (shapeshifter) (Abyss:3)
  3 tengu conjurers
  22 demonic crawlers
  28 efreet
  A yaktaur skeleton (Vaults:2)
  40 ice devils
  29 guardian mummies
  A catoblepas skeleton (Geh:1)
  42 red devils
  3 rime drakes
  23 hellwings
  8 anaconda simulacra
  A black draconian skeleton (Crypt:1)
  8 harpy zombies
  19 hydra zombies
  2 polar bears (Lair:3)
  30 ancient zymes
  9 trolls
  6 harpy skeletons
  A queen bee (Lair:3)
  A red draconian skeleton (Tar:7)
  51 merfolk
  29 jumping spiders
  A death drake zombie (Crypt:2)
  A meliai (shapeshifter) (D:15)
  A queen ant zombie (Crypt:2)
  7 tyrant leeches
  6 silent spectres
  A shadow dragon simulacrum (Abyss:2)
  A sphinx simulacrum (Vaults:2)
  A polar bear (shapeshifter) (Vaults:1)
  2 tyrant leeches (shapeshifter)
  9 wind drakes
  99 slime creatures
  77 raiju
  13 blink frogs
  7 ettin zombies
  10 alligator zombies
  A bog body (Zig:9)
  A slime creature (shapeshifter) (Zig:18)
  12 hornets
  17 hydra skeletons
  A hippogriff (shapeshifter) (Vaults:4)
  2 stone giant simulacra
  10 dream sheep
  4 hippogriffs
  A dream sheep (shapeshifter) (Abyss:1)
  A frost giant simulacrum (Depths:3)
  11 snapping turtles
  6 fire dragon zombies
  A fire giant simulacrum (Hell)
  132 flying skulls
  8 ice dragon zombies
  52 redbacks
  8 fire dragon skeletons
  8 ice dragon skeletons
  30 water elementals
  26 tarantellas
  A redback (shapeshifter) (Depths:2)
  79 small abominations
  5 dire elephant simulacra
  A spriggan (shapeshifter) (Depths:3)
  9 spriggans
  A tarantella (shapeshifter) (Depths:1)
  2 centaur simulacra (D:10)
  7 vampires
  4 air elementals
  63 shadows
  42 ynoxinuls
  31 wraiths
  4 black mamba zombies
  9 ettin skeletons
  34 yaks
  30 humans
  2 basilisks
  A basilisk (shapeshifter) (Abyss:4)
  2 black mamba skeletons
  6 fire bats
  28 fire elementals
  6 golden eyes
  A steam dragon (Lair:4)
  12 hungry ghosts
  25 chaos spawn
  10 ushabtiu (Tomb:2)
  4 alligator skeletons
  2 emperor scorpion simulacra (Abyss:1)
  29 neqoxecs
  6 vampire mosquitoes
  2 acid dragons (Vaults:2)
  A naga (shapeshifter) (Elf:2)
  A harpy simulacrum (IceCv)
  20 soldier ants
  20 wargs
  9 spatial vortices
  8 insubstantial wisps
  2 nagas (Abyss:4)
  2 swamp worms (shapeshifter)
  5 hydra simulacra
  109 large abominations
  An orb spider zombie (Crypt:3)
  10 water moccasins
  6 spiny frog zombies
  90 hell hounds
  A merfolk skeleton (Geh:7)
  8 porcupines
  4 spiny frog skeletons
  2 swamp drakes (Zig:9)
  5 sky beasts
  10 snapping turtle zombies
  12 ice beasts
  A black bear (shapeshifter) (Abyss:3)
  48 orc warriors
  10 eyes of draining
  3 manticore zombies
  41 necrophages
  13 phantoms
  12 boggarts
  3 ettin simulacra
  30 centaurs
  53 ogres
  A wolf (Zig:11)
  3 manticore skeletons
  2 blink frog skeletons
  9 human skeletons
  3 swamp dragon skeletons
  A crocodile (shapeshifter) (Depths:1)
  2 snapping turtle skeletons
  A hog zombie (Crypt:2)
  15 crocodiles
  10 big kobolds
  2 elf skeletons
  A dream sheep skeleton (Crypt:3)
  An elf zombie (Tar:7)
  25 bullfrogs
  A tengu simulacrum (Depths:1)
  A glowing shapeshifter simulacrum (Vaults:2)
  5 earth elementals
  A hippogriff skeleton (Crypt:1)
  A wyvern skeleton (D:6)
  2 spriggan zombies
  A hornet simulacrum (D:14)
  5 scorpions
  3 human simulacra
  A water moccasin skeleton (D:11)
  A manticore simulacrum (Coc:4)
  A raiju zombie (Crypt:2)
  5 howler monkeys
  24 killer bees
  94 wights
  A spriggan skeleton (Tar:4)
  2 troll zombies
  6 electric eels
  A yak skeleton (Crypt:1)
  13 crimson imps
  4 centaur zombies
  A wolf skeleton (Crypt:1)
  14 quasits
  110 starcursed masses
  A hound (shapeshifter) (Vaults:5)
  A bullfrog zombie (D:5)
  A gnoll shaman (D:6)
  7 hounds
  54 orc priests
  4 centaur skeletons
  13 jellies
  9 bullfrog skeletons
  29 iron imps
  23 worker ants
  27 orc wizards
  A porcupine skeleton (Crypt:2)
  A naga zombie (Dis:7)
  An ogre skeleton (Tar:2)
  A hound zombie (D:6)
  2 hound skeletons
  47 mummies
  2 worker ant zombies
  A howler monkey zombie (D:5)
  A howler monkey skeleton (D:4)
  4 gnolls (D:6)
  6 adders
  30 shadow imps
  24 white imps
  9 ufetubi
  9 oozes
  An adder zombie (D:8)
  5 worms
  A dart slug (D:4)
  5 leopard geckos
  154 orcs
  A bat zombie (Crypt:3)
  9 giant cockroaches
  8 goblins
  5 hobgoblins
  9 jackals
  39 kobolds
  4 quokkas
  2 ball pythons
  A ball python skeleton (Crypt:1)
  8 bats
  5 frilled lizards
  A jackal skeleton (D:5)
  9 kobold skeletons (D:12)
  9 kobold zombies (D:12)
  2 leopard gecko skeletons
  A quokka skeleton (D:4)
  A quokka zombie (Crypt:3)
  8 rats
  A rat zombie (Crypt:1)
  A river rat skeleton (Crypt:2)
  A bush (Lair:4)
  A butterfly (Zot:2)
  A lurking horror (Abyss:5)
  8 plants
  34 starspawn tentacles
  A tentacle (Coc:7)
  10 withered plants (Crypt:3)
6663 creatures vanquished.

Vanquished Creatures (collateral kills)
  Mnoleg (Pan)
  An ancient lich (Tomb:2)
  10 greater mummies
  Boris (Tomb:2)
  2 bone dragons
  The ghost of rjrrt the Devastator, an adept DEFE of Vehumet (Elf:3)
  A Brimstone Fiend (Dis:7)
  2 hellephants
  An electric golem (Zot:2)
  An iron giant (Dis:7)
  An Ice Fiend (Dis:7)
  2 Hell Sentinels (Dis:7)
  3 liches
  4 Orb Guardians (Zot:5)
  A titan (Vaults:5)
  2 Executioners (Pan)
  An eldritch tentacle (Pan)
  A sphinx (Tomb:1)
  2 ancient champions
  A death cob (Zot:5)
  A shadow dragon (Vaults:5)
  2 tengu reavers
  A revenant (Tomb:2)
  7 cacodemons
  A juggernaut zombie (Zig:15)
  An iron dragon (Dis:7)
  2 vault wardens (Vaults:5)
  An angel (Abyss:5)
  A reaper (Dis:7)
  An ironheart preserver (Vaults:5)
  2 war gargoyles (Dis:7)
  A draconian annihilator (Depths:5)
  A very ugly thing (Abyss:4)
  5 bennus (Tomb:3)
  A vampire knight (Tar:7)
  A stone giant (Vaults:5)
  A yellow draconian (Depths:5)
  3 mummy priests
  A merfolk impaler (Shoals:4)
  5 vault guards (Vaults:5)
  21 death scarabs
  A vampire mage (Tar:7)
  A titan zombie (Tar:7)
  6 holy swine (Pan)
  3 wretched stars
  10 skeletal warriors
  2 iron golems
  A sixfirhy (Pan)
  4 starcursed masses
  A flayed ghost (Depths:3)
  A deep elf archer (Vaults:5)
  A phantasmal warrior (Tar:7)
  An iron dragon zombie (Dis:7)
  2 necromancers
  A shadow dragon zombie (Coc:7)
  An orc knight (Vaults:5)
  A deep elf mage (Crypt:3)
  2 moths of wrath
  5 smoke demons
  A vault sentinel (Vaults:5)
  A fire giant skeleton (Tomb:1)
  An apocalypse crab (Abyss:3)
  A rust devil (Dis:7)
  2 orange demons (Pan)
  An eye of devastation (Abyss:3)
  A hellion (Dis:7)
  An anaconda simulacrum (Abyss:5)
  10 guardian mummies
  3 tormentors
  An ancient zyme (Abyss:1)
  2 red devils
  A hydra zombie (Dis:7)
  A silent spectre (Tar:7)
  A hornet (shapeshifter) (Vaults:5)
  A harpy skeleton (Dis:7)
  A hydra skeleton (Tomb:2)
  4 raiju
  An ettin zombie (Coc:7)
  An ice dragon zombie (Dis:7)
  8 large abominations
  An ettin skeleton (Abyss:5)
  2 flying skulls
  7 ushabtiu
  An ice dragon skeleton (Tomb:2)
  A small abomination (Abyss:5)
  3 golden eyes (Abyss:5)
  10 neqoxecs
  2 chaos spawn
  3 spatial vortices
  8 hell hounds (Dis:7)
  A spiny frog zombie (Coc:7)
  3 wights (Tar:7)
  A quasit (Abyss:1)
  A jelly (Abyss:3)
  An iron imp (Dis:7)
  An ogre zombie (Tomb:2)
  18 mummies
  A shadow imp (Tar:7)
  An ufetubus (Abyss:3)
  6 bushes (Shoals:3)
  A tentacle (Coc:7)
260 creatures vanquished.

Vanquished Creatures (others)
  2 ancient liches (Zot:5)
  A golden dragon (Zot:5)
  An electric golem (Zot:5)
  A lich (D:10)
  A tentacled monstrosity (Zot:5)
  12 Orb Guardians (Zot:5)
  A quicksilver dragon (Zot:5)
  Polyphemus (Shoals:2)
  A death cob (Zot:5)
  3 eldritch tentacles
  3 deep elf master archers
  A ghost moth (Zot:5)
  A draconian scorcher (Zot:5)
  A balrug (D:8)
  A vault warden (Vaults:5)
  An emperor scorpion (Spider:4)
  A warmonger (Pan)
  3 stone giants
  A purple draconian (Zot:5)
  2 yellow draconians
  2 white draconians (Zot:5)
  A great orb of eyes (Zot:5)
  3 yaktaur captains
  2 dancing weapons
  A soul eater (Abyss:1)
  A deep elf knight (Elf:1)
  2 hell hogs
  A hell knight (Depths:5)
  2 skeletal warriors (Coc:7)
  2 deep elf archers
  A manticore (Shoals:4)
  A moth of wrath (Zot:5)
  A guardian serpent (Zot:2)
  3 smoke demons
  7 yaktaurs
  2 tormentors (Coc:7)
  2 starcursed masses
  A tarantella (Spider:4)
  A flying skull (Tar:3)
  A wraith (Geh:2)
  A chaos spawn (Abyss:4)
  A neqoxec (Abyss:3)
  A warg (Depths:3)
  2 centaurs
  2 wights
  An electric eel (Spider:2)
  A jelly (Abyss:1)
  2 small abominations
  A mummy (Tomb:2)
  An ufetubus (Abyss:3)
  An orc (Depths:3)
  A kobold (D:12)
  An orc zombie (Geh:4)
  3 bushes
  A fire vortex (Abyss:3)
  2 fungi
  2 lurking horrors
  90 plants
  85 starspawn tentacles
  2 tentacles (Coc:7)
  5 withered plants
282 creatures vanquished.

Grand Total: 7205 creatures vanquished

Notes
Turn   | Place    | Note
-------+----------+-------------------------------------------
     0 | D:1      | Bowmetheus the Gnoll Wanderer began the quest for the Orb.
     0 | D:1      | Bowmetheus set off with the following items: a +0 club, a
                  | scroll of teleportation, a +0 robe, a +0 shield, a ration;
                  | and the following spell memorised: Flame Tongue; and the
                  | following spells available to memorise: Static Discharge
     0 | D:1      | Reached XP level 1. HP: 13/13 MP: 8/8
     0 | D:1      | CLUB, TELE SCROLL, ROBE, SHIELD, RATION, FLAME TONGUE AND
                  | STATIC
     0 | D:1      | THROWING SHIELDS 2.3
     0 | D:1      | SC 7 CONJ 3.6 CHARMS,SUMMS, EARTH 1.9
   337 | D:1      | Reached XP level 2. HP: 19/19 MP: 10/10
   778 | D:1      | GETTING HAMMERED AT D1, PARTICULARLY ENTRANCE, MOBBED,
                  | QUAFFED 3 POTS MIGHT FLIGHT CURE SAVED THE RUN
   780 | D:1      | WIELD ID'D DAGGER AND IT'S VAMP :D
   838 | D:1      | Reached XP level 3. HP: 18/25 MP: 9/11
   975 | D:1      | Learned a level 3 spell: Static Discharge
  1316 | D:2      | Found a radiant altar of Vehumet.
  1344 | D:2      | Found a snail-covered altar of Cheibriados.
  1365 | D:2      | Reached skill level 1 in Invocations
  1616 | D:2      | Reached skill level 1 in Fighting
  1616 | D:2      | Reached skill level 1 in Short Blades
  1616 | D:2      | Reached skill level 1 in Long Blades
  1616 | D:2      | Reached skill level 1 in Axes
  1616 | D:2      | Reached skill level 1 in Maces & Flails
  1616 | D:2      | Reached skill level 1 in Polearms
  1616 | D:2      | Reached skill level 1 in Staves
  1616 | D:2      | Reached skill level 1 in Slings
  1616 | D:2      | Reached skill level 1 in Bows
  1616 | D:2      | Reached skill level 1 in Crossbows
  1616 | D:2      | Reached skill level 1 in Armour
  1616 | D:2      | Reached skill level 1 in Dodging
  1616 | D:2      | Reached skill level 1 in Stealth
  1616 | D:2      | Reached skill level 1 in Unarmed Combat
  1616 | D:2      | Reached skill level 1 in Evocations
  2217 | D:3      | Reached XP level 4. HP: 32/32 MP: 13/13
  3075 | D:3      | Reached skill level 1 in Hexes
  3075 | D:3      | Reached skill level 1 in Necromancy
  3075 | D:3      | Reached skill level 1 in Translocations
  3075 | D:3      | Reached skill level 1 in Transmutations
  3075 | D:3      | Reached skill level 1 in Fire Magic
  3075 | D:3      | Reached skill level 1 in Ice Magic
  3075 | D:3      | Reached skill level 1 in Air Magic
  3075 | D:3      | Reached skill level 1 in Poison Magic
  3635 | D:4      | Reached XP level 5. HP: 33/37 MP: 7/14
  3701 | D:4      | Found a shimmering blue altar of Sif Muna.
  3753 | D:4      | Found an opulent altar of Gozag.
  3815 | D:4      | Found a white marble altar of Elyvilon.
  3838 | D:4      | Became a worshipper of Elyvilon the Healer
  4446 | D:4      | Noticed an ogre
  4537 | D:3      | Reached XP level 6. HP: 35/44 MP: 16/16
  4785 | D:4      | Found a staircase to the Ecumenical Temple.
  4804 | D:4      | Noticed a phantom
  4807 | Temple   | Entered the Ecumenical Temple
  4828 | Temple   | Fell from the grace of Elyvilon
  4828 | Temple   | Became a worshipper of Warmaster Okawaru
  5050 | D:4      | Killed a phantom
  5287 | D:5      | Entered Level 5 of the Dungeon
  5375 | D:5      | Reached XP level 7. HP: 47/50 MP: 10/18
  5590 | D:5      | Found Cituabb's Magic Scroll Shoppe.
  5601 | D:5      | Bought a scroll of identify for 20 gold pieces
  5601 | D:5      | Bought a scroll of fog for 20 gold pieces
  5601 | D:5      | Bought a scroll of identify for 20 gold pieces
  5601 | D:5      | Bought a scroll of identify for 20 gold pieces
  5601 | D:5      | Bought a scroll of identify for 20 gold pieces
  5601 | D:5      | Bought a scroll of teleportation for 30 gold pieces
  5730 | D:5      | Reached * piety under Okawaru
  6126 | D:5      | Reached XP level 8. HP: 34/57 MP: 11/19
  7928 | D:7      | Found a basalt altar of Yredelemnul.
  7984 | D:7      | Noticed a troll
  7988 | D:7      | Killed a troll
  7988 | D:7      | Reached ** piety under Okawaru
  7988 | D:7      | Reached XP level 9. HP: 65/65 MP: 21/21
  8051 | D:7      | Learned a level 2 spell: Shroud of Golubria
  8055 | D:7      | Learned a level 3 spell: Regeneration
  8058 | D:7      | Learned a level 2 spell: Song of Slaying
  8060 | D:7      | Learned a level 1 spell: Infusion
  8085 | D:7      | Found a stormy altar of Qazlal.
  8219 | D:4      | Reached skill level 5 in Conjurations
  8479 | D:8      | Found a runed translucent door.
  8497 | D:8      | Noticed elongatedgoose's ghost (novice TrFi)
  8697 | D:8      | Reached skill level 5 in Throwing
  8697 | D:8      | Reached skill level 5 in Shields
  8894 | D:8      | Noticed a two-headed ogre
  8922 | D:8      | Killed a two-headed ogre
  8922 | D:8      | Reached *** piety under Okawaru
  8922 | D:8      | Received a gift from Okawaru
  8922 | D:8      | Reached skill level 5 in Invocations
  9111 | D:8      | Noticed a two-headed ogre
  9144 | D:8      | Killed a two-headed ogre
  9144 | D:8      | Reached XP level 10. HP: 45/73 MP: 12/22
  9315 | D:8      | Found a glowing golden altar of the Shining One.
  9639 | D:9      | Got an ancient leather armour
  9692 | D:9      | Reached skill level 5 in Fighting
  9692 | D:9      | Reached skill level 5 in Short Blades
  9692 | D:9      | Reached skill level 5 in Long Blades
  9692 | D:9      | Reached skill level 5 in Axes
  9692 | D:9      | Reached skill level 5 in Maces & Flails
  9692 | D:9      | Reached skill level 5 in Polearms
  9692 | D:9      | Reached skill level 5 in Staves
  9692 | D:9      | Reached skill level 5 in Slings
  9692 | D:9      | Reached skill level 5 in Bows
  9692 | D:9      | Reached skill level 5 in Crossbows
  9692 | D:9      | Reached skill level 5 in Armour
  9692 | D:9      | Reached skill level 5 in Dodging
  9692 | D:9      | Reached skill level 5 in Stealth
  9692 | D:9      | Reached skill level 5 in Unarmed Combat
  9692 | D:9      | Reached skill level 5 in Evocations
  9903 | D:9      | Found Dilos's Weapon Shoppe.
  9903 | D:9      | Found a staircase to the Orcish Mines.
 10169 | D:9      | Found a blossoming altar of Fedhas.
 10527 | D:9      | Found a roughly hewn altar of Beogh.
 10786 | D:9      | Reached **** piety under Okawaru
 10950 | D:9      | Received a gift from Okawaru
 11310 | D:10     | Entered Level 10 of the Dungeon
 11317 | D:10     | Noticed Maurice
 11437 | D:10     | Killed Maurice
 11697 | D:10     | Found a runed translucent door.
 11700 | D:10     | Noticed a tengu reaver
 11701 | D:10     | Noticed a necromancer
 11701 | D:10     | Noticed a yaktaur captain
 11702 | D:10     | Noticed a lich
 11702 | D:10     | Noticed Spinowolf's ghost (journeyman MiCK)
 11703 | D:10     | Noticed a skeletal warrior
 11705 | D:10     | Found a runed translucent door.
 11745 | D:10     | Killed an unseen horror
 11745 | D:10     | Reached skill level 5 in Charms
 11745 | D:10     | Reached skill level 5 in Summonings
 11745 | D:10     | Reached skill level 5 in Earth Magic
 11790 | D:10     | Killed an unseen horror
 11940 | D:10     | Noticed Joseph
 12016 | D:10     | Received a gift from Okawaru
 12176 | D:7      | Identified the +1 leather armour "Niusuu" {Dex+5} (You
                  | found it on level 9 of the Dungeon)
 12362 | D:10     | Reached XP level 11. HP: 77/81 MP: 15/24
 12763 | D:10     | Killed Joseph
 13133 | D:11     | Noticed a cyclops
 13496 | D:11     | Found a staircase to the Lair.
 13527 | D:11     | Noticed a red ugly thing
 13559 | D:11     | Reached skill level 5 in Hexes
 13559 | D:11     | Reached skill level 5 in Necromancy
 13559 | D:11     | Reached skill level 5 in Translocations
 13559 | D:11     | Reached skill level 5 in Transmutations
 13559 | D:11     | Reached skill level 5 in Fire Magic
 13559 | D:11     | Reached skill level 5 in Ice Magic
 13559 | D:11     | Reached skill level 5 in Air Magic
 13559 | D:11     | Reached skill level 5 in Poison Magic
 13620 | D:11     | Noticed a purple ugly thing
 13652 | D:11     | Killed a purple ugly thing
 14140 | D:11     | Received a gift from Okawaru
 14201 | D:11     | Noticed a queen ant
 14306 | D:11     | Killed a red ugly thing
 14459 | D:11     | Killed a queen ant
 14479 | D:10     | Reached ***** piety under Okawaru
 15083 | D:11     | Killed an unseen horror
 15083 | D:11     | Received a gift from Okawaru
 15083 | D:11     | Reached XP level 12. HP: 79/89 MP: 21/25
 15422 | D:11     | Learned a level 2 spell: Poisonous Vapours
 15426 | D:11     | Learned a level 3 spell: Mephitic Cloud
 15431 | D:11     | Learned a level 4 spell: Olgreb's Toxic Radiance
 16046 | D:11     | Reached skill level 10 in Spellcasting
 16176 | Lair:1   | Entered Level 1 of the Lair of Beasts
 16300 | Lair:1   | Noticed Urug
 16852 | D:5      | Bought a scroll of acquirement for 520 gold pieces
 16852 | D:5      | Bought a scroll of magic mapping for 35 gold pieces
 16853 | D:5      | Got a heavily runed helmet
 16859 | D:5      | Identified the +0 helmet "Hieshret" {rElec MR+ Str+7} (You
                  | acquired it on level 5 of the Dungeon)
 17209 | Lair:1   | Noticed Nergalle
 17566 | Lair:2   | Noticed a six-headed hydra
 17591 | Lair:2   | Killed a two-headed hydra
 18529 | Lair:3   | Received a gift from Okawaru
 18532 | Lair:3   | Got a scorched hand crossbow {god gift}
 18533 | Lair:3   | Identified the +7 hand crossbow of Juuciri {flame, Str+2
                  | SInv Stlth+} (Okawaru gifted it to you on level 3 of the
                  | Lair of Beasts)
 18717 | Lair:3   | Noticed a death yak
 19125 | Lair:3   | Found a runed translucent door.
 19127 | Lair:3   | Noticed Oluanan's ghost (journeyman DsFi)
 19128 | Lair:3   | Noticed a four-headed hydra
 19505 | Lair:4   | Noticed an eight-headed hydra
 19513 | Lair:4   | Killed an eight-headed hydra
 19735 | Lair:4   | Found a staircase to the Shoals.
 19756 | Lair:4   | Received a gift from Okawaru
 19930 | Lair:4   | Noticed a four-headed hydra
 19940 | Lair:4   | Killed a four-headed hydra
 19940 | Lair:4   | Reached XP level 13. HP: 62/98 MP: 27/27
 20206 | Lair:4   | Found a hole to the Spider Nest.
 20388 | Lair:4   | Found the +18 shield of the Gong {rElec rN+ MR+ EV-5}
 20865 | Lair:4   | Received a gift from Okawaru
 21349 | Lair:4   | Identified the Catalogue of Noxious Calling
 21557 | Lair:1   | Killed Urug
 21928 | D:8      | Killed elongatedgoose's ghost
 22040 | D:4      | Found a staircase to the Ecumenical Temple.
 22139 | D:4      | Found a white marble altar of Elyvilon.
 22155 | D:4      | Found an opulent altar of Gozag.
 22223 | D:4      | Found a shimmering blue altar of Sif Muna.
 22497 | Orc:1    | Entered Level 1 of the Orcish Mines
 22498 | Orc:1    | Found a roughly hewn altar of Beogh.
 22504 | Orc:1    | Received a gift from Okawaru
 24141 | Lair:5   | Received a gift from Okawaru
 24149 | Lair:5   | Reached ****** piety under Okawaru
 24274 | Lair:5   | Found a staircase to the Slime Pits.
 24520 | Lair:5   | Received a gift from Okawaru
 24691 | Lair:6   | Entered Level 6 of the Lair of Beasts
 25290 | Lair:6   | Reached XP level 14. HP: 86/106 MP: 29/29
 25912 | Lair:6   | Received a gift from Okawaru
 26229 | Lair:6   | Learned a level 5 spell: Bolt of Magma
 26232 | Lair:6   | Learned a level 2 spell: Call Imp
 26234 | Lair:6   | Learned a level 1 spell: Apportation
 26609 | D:5      | Bought a scroll of amnesia for 35 gold pieces
 26803 | Lair:1   | Learned a level 3 spell: Confuse
 26809 | Lair:1   | Learned a level 5 spell: Metabolic Englaciation
 27394 | Lair:6   | Reached skill level 10 in Invocations
 27450 | Lair:6   | Received a gift from Okawaru
 27491 | Lair:6   | Received a gift from Okawaru
 27623 | Lair:6   | Found a runed translucent door.
 27624 | Lair:6   | Noticed tkbsonic5's ghost (journeyman VSAs)
 28202 | Lair:1   | Killed Nergalle
 28202 | Lair:1   | Received a gift from Okawaru
 28373 | Orc:2    | Entered Level 2 of the Orcish Mines
 28373 | Orc:2    | Found Onkid's Assorted Antiques.
 28410 | Orc:2    | Found Taram's Antique Armour Emporium.
 28449 | Orc:2    | Found a flickering gateway to a bazaar.
 28492 | Orc:2    | Noticed a stone giant
 28514 | Orc:2    | Killed a stone giant
 28514 | Orc:2    | Received a gift from Okawaru
 28822 | Bazaar   | Entered a bazaar
 28837 | Bazaar   | Found Sael's Jewellery Boutique.
 28859 | Bazaar   | Found Imigoegg's Antique Armour Shoppe.
 28882 | Bazaar   | Found Ykyt's Armour Boutique.
 29023 | Bazaar   | Found Wiptus's Jewellery Emporium.
 29100 | Bazaar   | Bought +1 gold dragon scales for 870 gold pieces
 29111 | Bazaar   | Bought a +1 buckler of reflection for 135 gold pieces
 30140 | Orc:2    | Found Ekurodd's Distillery.
 30157 | Orc:2    | Bought a potion of might for 52 gold pieces
 30157 | Orc:2    | Bought a potion of might for 52 gold pieces
 30427 | Orc:2    | Reached XP level 15. HP: 80/114 MP: 30/30
 30773 | Orc:2    | Found Sesiekhi's General Store.
 30773 | Orc:2    | Found Ezononi's Distillery.
 30779 | Orc:2    | Bought a potion of might for 60 gold pieces
 30835 | Orc:2    | Reached skill level 10 in Throwing
 30835 | Orc:2    | Reached skill level 10 in Shields
 31066 | Orc:2    | Found a roughly hewn altar of Beogh.
 31106 | Orc:2    | Found Jilous's General Store.
 31106 | Orc:2    | Found Heno's Distillery.
 31125 | Orc:2    | Bought a potion of might for 40 gold pieces
 31304 | Orc:2    | Found a roughly hewn altar of Beogh.
 31355 | Orc:2    | Found a staircase to the Elven Halls.
 31504 | Orc:2    | Bought a potion of heal wounds for 75 gold pieces
 31530 | Orc:2    | Bought a runed granite ring for 135 gold pieces
 32739 | D:12     | Found a basalt altar of Yredelemnul.
 33956 | D:12     | Found an ancient bone altar of Kikubaaqudgha.
 34197 | D:13     | You fall into a shaft and drop 2 floors!
 34197 | D:15     | Entered Level 15 of the Dungeon
 34389 | D:15     | Received a gift from Okawaru
 34441 | D:15     | Reached skill level 10 in Fighting
 34441 | D:15     | Reached skill level 10 in Short Blades
 34441 | D:15     | Reached skill level 10 in Long Blades
 34441 | D:15     | Reached skill level 10 in Axes
 34441 | D:15     | Reached skill level 10 in Maces & Flails
 34441 | D:15     | Reached skill level 10 in Polearms
 34441 | D:15     | Reached skill level 10 in Staves
 34441 | D:15     | Reached skill level 10 in Slings
 34441 | D:15     | Reached skill level 10 in Bows
 34441 | D:15     | Reached skill level 10 in Crossbows
 34441 | D:15     | Reached skill level 10 in Armour
 34441 | D:15     | Reached skill level 10 in Dodging
 34441 | D:15     | Reached skill level 10 in Stealth
 34441 | D:15     | Reached skill level 10 in Unarmed Combat
 34441 | D:15     | Reached skill level 10 in Evocations
 35008 | D:13     | Found the +5 robe of Night {Dark MR+ SInv}
 35432 | D:13     | Noticed Frances
 35449 | D:13     | Killed Frances
 35966 | D:14     | Identified Zaots's Almanac of Conjuration
 35979 | D:14     | Identified the +0 hat "Yduat" {rC+ Int+4} (You found it on
                  | level 14 of the Dungeon)
 36018 | D:14     | Noticed Agnes
 36032 | D:14     | Killed Agnes
 36225 | D:14     | Found a blossoming altar of Fedhas.
 36352 | D:14     | Reached XP level 16. HP: 93/122 MP: 28/32
 36437 | D:14     | Noticed Jorgrun
 36450 | D:14     | Killed Jorgrun
 36524 | D:14     | Noticed Josephine
 36529 | D:14     | Killed Josephine
 36870 | D:14     | Received a gift from Okawaru
 37007 | D:14     | Found a gate to the Vaults.
 37694 | Orc:2    | Bought a potion of might for 40 gold pieces
 37694 | Orc:2    | Bought a potion of curing for 30 gold pieces
 37694 | Orc:2    | Bought a potion of curing for 30 gold pieces
 37705 | Orc:2    | Bought a potion of curing for 36 gold pieces
 37705 | Orc:2    | Bought a scroll of identify for 24 gold pieces
 37705 | Orc:2    | Bought a scroll of identify for 24 gold pieces
 37705 | Orc:2    | Bought 28 bolts for 67 gold pieces
 37731 | Orc:2    | Bought a potion of curing for 39 gold pieces
 37731 | Orc:2    | Bought a potion of curing for 39 gold pieces
 37731 | Orc:2    | Bought a potion of curing for 39 gold pieces
 37756 | Orc:2    | Bought a scroll of amnesia for 42 gold pieces
 38249 | D:15     | Received a gift from Okawaru
 38726 | D:15     | Found a staircase to the Depths.
 39173 | D:14     | Got a pair of transparent boots
 39174 | D:14     | Identified the +1 pair of boots of the Equinox {Int+2} (You
                  | acquired it on level 14 of the Dungeon)
 39314 | D:10     | Killed a lich
 39341 | D:10     | Killed a tengu reaver
 39355 | D:10     | Killed Spinowolf's ghost
 39400 | D:10     | Identified the +8 mace of the Puffball {crush, rC++ Dex-2}
                  | (You found it on level 10 of the Dungeon)
 39751 | Lair:3   | Killed Oluanan's ghost
 39751 | Lair:3   | Received a gift from Okawaru
 39754 | Lair:3   | Identified the -1 pair of boots of Seunkaso {rPois MR-
                  | rCorr Str-3} (Okawaru gifted it to you on level 3 of the
                  | Lair of Beasts)
 40141 | Spider:1 | Entered Level 1 of the Spider Nest
 40164 | Lair:4   | Reached skill level 10 in Conjurations
 41532 | Spider:1 | Reached XP level 17. HP: 113/131 MP: 30/33
 42293 | Spider:2 | Found a frozen archway.
 42341 | IceCv    | Entered an ice cave
 42396 | IceCv    | Received a gift from Okawaru
 43405 | IceCv    | Identified the +10 rapier of Doubt {speed, +Inv rElec
                  | Str+4} (You found it in an ice cave)
 44059 | Spider:2 | Learned a level 2 spell: Blink
 44488 | Spider:2 | REALLY SPICY START WITH OGRES, ORC PRIEST, 2H OGRE
                  | INCLUDING THE D1 NOTE
 44488 | Spider:2 | HOWEVER GEAR ACQUISITION ALSO SPICY IN THE GOOD SENSE LAIR
                  | AND ORC LOTS OF BOOKS, GDA IN A ORC BAZAAR SHOP AND BUCKLER
                  | OF REFLECTION
 44488 | Spider:2 | ART HANDBOW FROM OKRA ON LAIR 3, WAR AXES OF FLAME AND
                  | VENOM, ICE CAVE IN SPIDER FOUND AWESOME ART +1 SPEED RAPIER
                  | WITH INV RELEC STR+4
 44488 | Spider:2 | CHECK NOTES FOR WHEN SPELLS GOT MEM, BOOK OF BATTLE AND
                  | YOUNG POISONERS HANDBOOK, STR+7 HAT WITH MR AND RELEC AND
                  | STR+4 RAPIER IS HELPING CASTING IN GDA, OPEN RING SLOT FOR
                  | WIZ OR INT BOOST :D
 45194 | Spider:3 | Noticed Donald
 45208 | Spider:3 | Killed Donald
 45260 | Spider:3 | Learned a level 1 spell: Summon Butterflies
 45264 | Spider:3 | Learned a level 3 spell: Tukima's Dance
 45328 | Spider:3 | Received a gift from Okawaru
 45452 | Spider:3 | Reached skill level 10 in Charms
 45452 | Spider:3 | Reached skill level 10 in Summonings
 45452 | Spider:3 | Reached skill level 10 in Earth Magic
 46266 | Spider:4 | Entered Level 4 of the Spider Nest
 46407 | Spider:4 | Received a gift from Okawaru
 46796 | Spider:4 | Received a gift from Okawaru
 47436 | Spider:4 | Reached skill level 10 in Hexes
 47436 | Spider:4 | Reached skill level 10 in Necromancy
 47436 | Spider:4 | Reached skill level 10 in Translocations
 47436 | Spider:4 | Reached skill level 10 in Transmutations
 47436 | Spider:4 | Reached skill level 10 in Fire Magic
 47436 | Spider:4 | Reached skill level 10 in Ice Magic
 47436 | Spider:4 | Reached skill level 10 in Air Magic
 47436 | Spider:4 | Reached skill level 10 in Poison Magic
 47779 | Spider:4 | Reached XP level 18. HP: 128/139 MP: 33/35
 47852 | Spider:4 | Received a gift from Okawaru
 47872 | Spider:4 | Got a gossamer rune of Zot
 48475 | Shoals:1 | Entered Level 1 of the Shoals
 48491 | Shoals:1 | Identified the cursed +0 pair of gloves of the Gloaming
                  | {Dex+3}
 48491 | Shoals:1 | Noticed Nikola
 48518 | Shoals:1 | Killed Nikola
 48674 | Shoals:1 | Received a gift from Okawaru
 48692 | Shoals:1 | Identified the +1 pair of boots of the Flute {rC+ Dex+5}
                  | (Okawaru gifted it to you on level 1 of the Shoals)
 49020 | Shoals:1 | Found Lishuf's Book Shop.
 50543 | Shoals:2 | Noticed Polyphemus
 51168 | Shoals:2 | Killed Polyphemus
 52997 | Shoals:3 | Identified the Incunabulum of Dusty Evil Rituals
 53022 | Shoals:3 | Learned a level 3 spell: Ignite Poison
 53069 | Shoals:3 | Found a runed translucent gate.
 53069 | Shoals:3 | Found a runed translucent gate.
 53069 | Shoals:3 | Found a runed translucent gate.
 53069 | Shoals:3 | Noticed TittyCrusher's ghost (adept TeAE)
 53070 | Shoals:3 | Noticed rjrrt's ghost (adept DEFE)
 53843 | Shoals:3 | Identified the cursed +1 animal skin of Spite {Str+7} (You
                  | found it on level 3 of the Shoals)
 53932 | Shoals:3 | Received a gift from Okawaru
 53973 | Shoals:3 | Found Ucunwead's Jewellery Emporium.
 54184 | Shoals:3 | Noticed Ilsuiw
 54218 | Shoals:3 | Killed Ilsuiw
 54525 | Shoals:4 | Entered Level 4 of the Shoals
 54535 | Shoals:4 | Reached XP level 19. HP: 147/147 MP: 31/36
 54867 | Shoals:4 | Found a snail-covered altar of Cheibriados.
 55925 | Shoals:4 | Received a gift from Okawaru
 56450 | Shoals:4 | Got a barnacled rune of Zot
 58113 | Vaults:1 | Entered Level 1 of the Vaults
 58172 | Vaults:1 | Received a gift from Okawaru
 59785 | Vaults:1 | Reached XP level 20. HP: 130/155 MP: 38/38
 60217 | Vaults:2 | Received a gift from Okawaru
 60617 | Vaults:2 | Received a gift from Okawaru
 61716 | Shoals:1 | Bought a book of Dreams for 1125 gold pieces
 61722 | Shoals:1 | Learned a level 5 spell: Borgnjor's Vile Clutch
 62099 | Vaults:2 | Received a gift from Okawaru
 62491 | Vaults:2 | Found a staircase to the Crypt.
 62978 | Vaults:3 | Received a gift from Okawaru
 63576 | Vaults:3 | Paralysed by a sphinx for 3 turns
 63581 | Vaults:3 | Found a radiant altar of Vehumet.
 64455 | Vaults:4 | Noticed Bai Suzhen
 64466 | Vaults:4 | Killed Bai Suzhen
 64605 | Vaults:4 | Reached XP level 21. HP: 154/163 MP: 39/39
 64663 | Vaults:4 | Reached skill level 15 in Spellcasting
 64890 | Vaults:4 | Identified the cursed +1 demon whip "Buab" {drain, +Blink
                  | rPois rC+ Int+3} (You found it on level 4 of the Vaults)
 64932 | Vaults:4 | Noticed Xtahua
 64954 | Vaults:4 | Killed Xtahua
 64954 | Vaults:4 | Received a gift from Okawaru
 65468 | Vaults:4 | Identified the +6 chain mail of Syndicalism {rN+} (You
                  | found it on level 4 of the Vaults)
 65776 | Vaults:4 | Found Goisofez's Gadget Boutique.
 65795 | Vaults:4 | Bought a wand of enslavement (9) for 231 gold pieces
 66322 | Vaults:4 | Noticed Mara
 66333 | Vaults:4 | Killed Mara
 66346 | Vaults:4 | Reached skill level 15 in Invocations
 66468 | Vaults:4 | Received a gift from Okawaru
 66547 | Vaults:4 | Received a gift from Okawaru
 66702 | Vaults:4 | Received a gift from Okawaru
 67143 | Vaults:4 | Identified a +2 pair of boots of running (Okawaru gifted it
                  | to you on level 4 of the Vaults)
 67538 | Elf:1    | Entered Level 1 of the Elven Halls
 67858 | Elf:1    | Noticed Louise
 67873 | Elf:1    | Killed Louise
 68189 | Elf:1    | Reached XP level 22. HP: 159/172 MP: 28/41
 68326 | Elf:1    | Got a heavily runed ruby amulet
 69636 | Elf:2    | Found a runed translucent gate.
 69636 | Elf:2    | Found a runed translucent gate.
 69636 | Elf:2    | Found a runed translucent gate.
 69739 | Elf:2    | Received a gift from Okawaru
 70537 | Elf:2    | Identified the amulet "Nytich" {Reflect rF+ Str+9 Int+3
                  | Dex-4 SH+3} (You found it on level 1 of the Elven Halls)
 70936 | D:14     | Learned a level 5 spell: Fireball
 71178 | Lair:6   | Killed tkbsonic5's ghost
 71405 | Shoals:3 | Killed TittyCrusher's ghost
 71405 | Shoals:3 | Received a gift from Okawaru
 71409 | Shoals:3 | Killed rjrrt's ghost
 71720 | Orc:2    | Bought a scroll of enchant weapon for 202 gold pieces
 72112 | Elf:3    | Entered Level 3 of the Elven Halls
 72360 | Elf:3    | Found Kidaff's Assorted Antiques.
 72368 | Elf:3    | Bought a potion of might for 96 gold pieces
 72533 | Elf:3    | Found a runed translucent door.
 72863 | Elf:3    | Found a runed translucent door.
 72863 | Elf:3    | Noticed rjrrt's ghost (adept DEFE)
 73185 | Elf:3    | Identified the amulet of Moeff {Spirit -Tele rF++ MR+
                  | Slay+5}
 73266 | Elf:3    | Identified the +6 halberd of World Downfall {chop, rPois
                  | MR+}
 73310 | Elf:3    | Identified the +9 quarterstaff "Jellybane" {flame, MR+
                  | Str+6}
 73498 | Elf:3    | Identified the cursed ring "Soimad" {Str+7 Dex-3}
 73528 | Elf:3    | Reached XP level 23. HP: 112/179 MP: 5/42
 73528 | Elf:3    | Received a gift from Okawaru
 73545 | Elf:3    | Identified the amulet "Vofaid" {Spirit Dex+7}
 74092 | Elf:3    | Identified the +3 dagger "Goblinbane" {speed, +Fly}
 74355 | Elf:3    | Reached skill level 15 in Throwing
 74355 | Elf:3    | Reached skill level 15 in Shields
 74629 | Elf:3    | Identified the Grimoire of Attacks
 74650 | Elf:3    | Identified the +3 war axe "Liabyd Imu" {flame, rN+}
 74841 | Elf:3    | Identified Beazae's Papyrus of Icy Execration
 74850 | Elf:3    | Identified the cursed +1 ring mail of Youthful Indiscretion
                  | {rPois rC+ rN+ MR+} (You found it on level 3 of the Elven
                  | Halls)
 76866 | Depths:1 | Entered Level 1 of the Depths
 77319 | Depths:1 | Reached skill level 15 in Fighting
 77319 | Depths:1 | Reached skill level 15 in Short Blades
 77319 | Depths:1 | Reached skill level 15 in Long Blades
 77319 | Depths:1 | Reached skill level 15 in Axes
 77319 | Depths:1 | Reached skill level 15 in Maces & Flails
 77319 | Depths:1 | Reached skill level 15 in Polearms
 77319 | Depths:1 | Reached skill level 15 in Staves
 77319 | Depths:1 | Reached skill level 15 in Slings
 77319 | Depths:1 | Reached skill level 15 in Bows
 77319 | Depths:1 | Reached skill level 15 in Crossbows
 77319 | Depths:1 | Reached skill level 15 in Armour
 77319 | Depths:1 | Reached skill level 15 in Dodging
 77319 | Depths:1 | Reached skill level 15 in Stealth
 77319 | Depths:1 | Reached skill level 15 in Unarmed Combat
 77319 | Depths:1 | Reached skill level 15 in Evocations
 77511 | Depths:1 | Received a gift from Okawaru
 77837 | Depths:1 | Noticed Sojobo
 77846 | Depths:1 | Killed Sojobo
 77879 | Depths:1 | Noticed Asterion
 77888 | Depths:1 | Killed Asterion
 78102 | Depths:1 | Found a gateway to Hell.
 78303 | Depths:1 | Found a one-way gate leading to the halls of Pandemonium.
 78702 | Depths:2 | Noticed the Enchantress
 78713 | Depths:2 | Killed the Enchantress
 78717 | Depths:2 | Reached XP level 24. HP: 189/189 MP: 16/43
 79503 | Depths:2 | Received a gift from Okawaru
 79862 | Depths:2 | Received a gift from Okawaru
 80341 | Depths:2 | Received a gift from Okawaru
 80532 | Depths:2 | Noticed a caustic shrike
 80541 | Depths:2 | Killed a caustic shrike
 81551 | Depths:3 | Found a gateway to a ziggurat.
 81551 | Depths:3 | Noticed an ancient lich
 81922 | Depths:3 | Killed an ancient lich
 81922 | Depths:3 | Received a gift from Okawaru
 82056 | Depths:3 | Received a gift from Okawaru
 82175 | Depths:3 | Reached XP level 25. HP: 159/197 MP: 42/43
 82289 | Depths:3 | Noticed Saint Roka
 82305 | Depths:3 | Killed Saint Roka
 82307 | Depths:3 | Identified the ring "Delain" {rPois Stlth+}
 82459 | Depths:3 | Identified Sif Muna's Disquisition on Translocation and
                  | Clay
 82461 | Depths:3 | Identified Qigh's Tome of Stones
 82653 | Depths:3 | Found a runed translucent door.
 82664 | Depths:3 | Found the +7 great mace "Firestarter" {inner flame, rF++}
 83065 | D:14     | Learned a level 6 spell: Iron Shot
 83143 | D:14     | Learned a level 7 spell: Spellforged Servitor
 84430 | Depths:4 | Found a one-way gate to the infinite horrors of the Abyss.
 84672 | Depths:4 | Found Lus Wib's Elemental Accessories.
 85275 | Depths:4 | Identified the ring "Fuowaju" {rN+ rCorr Dex+4 Stlth-}
 86028 | Depths:5 | Entered Level 5 of the Depths
 86088 | Depths:5 | Received a gift from Okawaru
 86089 | Depths:5 | Found the +12 Vampire's Tooth {vamp}
 86112 | Depths:5 | Noticed a juggernaut
 86290 | Depths:5 | Found Ajynot's Distillery.
 86503 | Depths:5 | Bought a potion of might for 52 gold pieces
 86503 | Depths:5 | Bought 2 potions of might for 104 gold pieces
 86503 | Depths:5 | Bought 2 potions of heal wounds for 130 gold pieces
 86503 | Depths:5 | Bought a potion of heal wounds for 65 gold pieces
 86517 | Depths:5 | Got a scintillating marble ring
 86518 | Depths:5 | Identified the ring of Satyriasis {MR+ Int+2 SInv} (You
                  | found it on level 5 of the Depths)
 86679 | Depths:5 | Noticed Boris
 86695 | Depths:5 | Killed Boris
 86741 | Depths:5 | Found a gate to the Realm of Zot.
 86748 | Depths:5 | Received a gift from Okawaru
 87923 | Elf:3    | Killed rjrrt's ghost
 88334 | Vaults:5 | Entered Level 5 of the Vaults
 88334 | Vaults:5 | Noticed an ancient lich
 88496 | Vaults:5 | Reached XP level 26. HP: 152/206 MP: 37/44
 88503 | Vaults:5 | Killed an ancient lich
 88509 | Vaults:5 | Received a gift from Okawaru
 88558 | Vaults:5 | Received a gift from Okawaru
 88604 | Vaults:5 | Noticed an ancient lich
 88610 | Vaults:5 | Killed an ancient lich
 88610 | Vaults:5 | Received a gift from Okawaru
 88819 | Vaults:5 | Received a gift from Okawaru
 88845 | Vaults:5 | Identified the +1 pair of gloves of Okawaru's Scorn {rElec
                  | rPois rF+++ MR-} (Okawaru gifted it to you on level 5 of
                  | the Vaults)
 89349 | Vaults:5 | Found Dufil's Jewellery Shoppe.
 89885 | Vaults:5 | Found the +2 hat of the Bear Spirit {Spirit, +Rage rN+
                  | MR++}
 89891 | Vaults:5 | Identified the Tome of Freezing Venom
 90553 | Vaults:5 | Got a silver rune of Zot
 91247 | Zot:1    | Entered Level 1 of the Realm of Zot
 91275 | Zot:1    | Reached skill level 15 in Conjurations
 91362 | Zot:1    | Received a gift from Okawaru
 91365 | Zot:1    | Identified the +1 plate armour "Polyligg" {rF+ Int+2}
                  | (Okawaru gifted it to you on level 1 of the Realm of Zot)
 91583 | Zot:1    | Reached XP level 27. HP: 195/214 MP: 45/45
 92804 | Zot:2    | Received a gift from Okawaru
 92872 | Zot:2    | Reached skill level 15 in Charms
 92872 | Zot:2    | Reached skill level 15 in Summonings
 92872 | Zot:2    | Reached skill level 15 in Earth Magic
 93178 | Zot:2    | Received a gift from Okawaru
 93595 | Zot:2    | Received a gift from Okawaru
 93598 | Zot:2    | Identified the +1 robe "Xihoxt" {*Slow Str+4 Dex+8}
                  | (Okawaru gifted it to you on level 2 of the Realm of Zot)
 93979 | Zot:2    | Reached skill level 15 in Hexes
 93979 | Zot:2    | Reached skill level 15 in Necromancy
 93979 | Zot:2    | Reached skill level 15 in Translocations
 93979 | Zot:2    | Reached skill level 15 in Transmutations
 93979 | Zot:2    | Reached skill level 15 in Fire Magic
 93979 | Zot:2    | Reached skill level 15 in Ice Magic
 93979 | Zot:2    | Reached skill level 15 in Air Magic
 93979 | Zot:2    | Reached skill level 15 in Poison Magic
 94014 | Zot:2    | Found a shimmering altar of Xom.
 94119 | Zot:2    | Noticed an orb of fire
 96181 | Zot:3    | Received a gift from Okawaru
 97002 | Zot:4    | Received a gift from Okawaru
 99487 | D:14     | Learned a level 3 spell: Portal Projectile
 99496 | D:14     | Learned a level 8 spell: Ignition
 99725 | D:4      | Fell from the grace of Okawaru
 99725 | D:4      | Became a worshipper of Gozag Ym Sagoz the Greedy
100052 | Crypt:1  | Entered Level 1 of the Crypt
101789 | Shoals:3 | Bought the ring "Vuhog" {*Drain rPois rF+ rC+ Stlth+} for
                  | 519 gold pieces
102374 | Crypt:2  | Found a transporter.
102382 | Crypt:2  | Noticed Margery
102399 | Crypt:2  | Killed Margery
102451 | Crypt:2  | Found a transporter.
103054 | Crypt:2  | Found a large runed translucent door.
103054 | Crypt:2  | Noticed Heot Zafel's ghost (veteran MiGl)
103055 | Crypt:2  | Found a large runed translucent door.
103098 | Crypt:2  | Killed Heot Zafel's ghost
103852 | Crypt:2  | Learned a level 5 spell: Lee's Rapid Deconstruction
103865 | Crypt:3  | Entered Level 3 of the Crypt
105067 | Crypt:3  | Found a staircase to the Tomb.
106010 | Crypt:3  | Found a basalt altar of Yredelemnul.
106189 | Crypt:3  | Found an ancient bone altar of Kikubaaqudgha.
106217 | Crypt:3  | Got a brightly glowing pewter ring
106218 | Crypt:3  | Identified the ring of the Insatiable Tales {rElec rCorr}
                  | (You found it on level 3 of the Crypt)
106608 | D:14     | Learned a level 3 spell: Call Canine Familiar
106612 | D:14     | Learned a level 1 spell: Corona
106741 | Hell     | Entered the Vestibule of Hell
106741 | Hell     | Noticed Geryon
107014 | Hell     | Killed Geryon
108039 | Hell     | Found a gateway to the decaying netherworld of Tartarus.
108108 | Hell     | Was forgiven by Okawaru
108120 | Hell     | Found a gateway to the freezing wastes of Cocytus.
108630 | Hell     | Found a gateway to the Iron City of Dis.
108717 | Hell     | Found a gateway to the ashen valley of Gehenna.
109296 | Slime:1  | Entered Level 1 of the Pits of Slime
110010 | Slime:5  | Entered Level 5 of the Pits of Slime
110294 | Slime:5  | Gained mutation: Your magical capacity is low. (-10% MP) [a
                  | shining eye]
110391 | Slime:5  | Noticed the Royal Jelly
110468 | Slime:5  | Killed the Royal Jelly
110536 | Slime:5  | Got a slimy rune of Zot
110566 | Slime:5  | Identified the Tome of Dusty Bewitchment
110603 | Slime:5  | Identified the Incunabulum of the Birds and the Rocks
110615 | Slime:5  | Identified the Volume of Attacks
111261 | Slime:5  | Identified the +2 cloak of the Jabberwock {MR+ Int+5 Dex-5
                  | SInv} (You found it on level 5 of the Pits of Slime)
112049 | Slime:5  | Identified the cursed +1 ring mail "Fesmoq" {rCorr} (You
                  | found it on level 5 of the Pits of Slime)
112583 | Depths:4 | Voluntarily entered the Abyss.
112698 | Abyss:1  | Gained mutation: You are clumsy. (Dex -2) [a neqoxec]
113728 | Abyss:5  | Entered Level 5 of the Abyss
114166 | Abyss:5  | Got an abyssal rune of Zot
114250 | Depths:4 | Escaped the Abyss
114629 | Depths:4 | Voluntarily entered the Abyss.
114629 | Abyss:1  | Found a corrupted altar of Lugonu.
114640 | Abyss:1  | Paralysed by accursed screaming for 1 turns
114644 | Depths:4 | Escaped the Abyss
114838 | Depths:4 | Voluntarily entered the Abyss.
115154 | Depths:4 | Escaped the Abyss
115178 | Depths:4 | Voluntarily entered the Abyss.
115230 | Abyss:1  | Noticed an ancient lich
115241 | Abyss:1  | Killed an ancient lich
115371 | Depths:4 | Escaped the Abyss
115380 | Depths:4 | Voluntarily entered the Abyss.
115947 | Abyss:4  | Found a corrupted altar of Lugonu.
115971 | Abyss:5  | Entered Level 5 of the Abyss
116050 | Depths:4 | Escaped the Abyss
116068 | Depths:4 | Voluntarily entered the Abyss.
116481 | Abyss:1  | Found a runed translucent door.
116686 | Depths:4 | Escaped the Abyss
117547 | Depths:4 | Voluntarily entered the Abyss.
117572 | Abyss:1  | Found a burning altar of Makhleb.
117599 | Abyss:1  | Found a burning altar of Makhleb.
117604 | Abyss:2  | Found a corrupted altar of Lugonu.
117659 | Abyss:4  | Found a corrupted altar of Lugonu.
117698 | Abyss:5  | Entered Level 5 of the Abyss
117806 | Depths:4 | Escaped the Abyss
118002 | Depths:4 | Voluntarily entered the Abyss.
118195 | Depths:4 | Escaped the Abyss
118206 | Depths:4 | Voluntarily entered the Abyss.
118332 | Depths:4 | Escaped the Abyss
118794 | Depths:4 | Voluntarily entered the Abyss.
118895 | Depths:4 | Escaped the Abyss
118935 | Depths:4 | Voluntarily entered the Abyss.
118998 | Abyss:2  | Found a corrupted altar of Lugonu.
119092 | Abyss:2  | Found a corrupted altar of Lugonu.
119144 | Abyss:3  | Found a corrupted altar of Lugonu.
119195 | Abyss:4  | Found a corrupted altar of Lugonu.
119308 | Depths:4 | Escaped the Abyss
119349 | Depths:4 | Voluntarily entered the Abyss.
119504 | Abyss:2  | Found a stormy altar of Qazlal.
119763 | Depths:4 | Escaped the Abyss
119868 | Depths:4 | Voluntarily entered the Abyss.
119868 | Abyss:1  | Found a sacrificial altar of Ru.
120199 | Depths:4 | Escaped the Abyss
120245 | Depths:4 | Voluntarily entered the Abyss.
120298 | Abyss:2  | Found a corrupted altar of Lugonu.
120419 | Abyss:2  | Identified the Tome of Frigorific Creation
120439 | Depths:4 | Escaped the Abyss
120877 | Depths:4 | Voluntarily entered the Abyss.
120897 | Depths:4 | Escaped the Abyss
120902 | Depths:4 | Voluntarily entered the Abyss.
121151 | Abyss:3  | Found a corrupted altar of Lugonu.
121519 | Abyss:3  | Found an ancient bone altar of Kikubaaqudgha.
121614 | Depths:4 | Escaped the Abyss
121711 | Depths:4 | Voluntarily entered the Abyss.
121965 | Depths:4 | Escaped the Abyss
121972 | Depths:4 | Voluntarily entered the Abyss.
122413 | Abyss:1  | Found a corrupted altar of Lugonu.
122557 | Abyss:2  | Identified the +11 hand axe "Usyloomu" {chop, Int+2} (You
                  | found it on level 2 of the Abyss)
122837 | Depths:4 | Escaped the Abyss
122867 | Depths:4 | Voluntarily entered the Abyss.
122893 | Abyss:1  | Identified the +1 chain mail "Azytaag" {Dex+3 Slay+6} (You
                  | found it on level 1 of the Abyss)
124040 | Depths:4 | Escaped the Abyss
124055 | Depths:4 | Voluntarily entered the Abyss.
124055 | Abyss:1  | Found a burning altar of Makhleb.
124176 | Depths:4 | Escaped the Abyss
124212 | Depths:4 | Voluntarily entered the Abyss.
124464 | Abyss:2  | Found a corrupted altar of Lugonu.
124481 | Abyss:2  | Found a corrupted altar of Lugonu.
124528 | Abyss:3  | Found a corrupted altar of Lugonu.
124545 | Abyss:3  | Identified the +8 falchion of Yredelemnul's Favour
                  | {antimagic, +Blink +Fly Str+4} (You found it on level 3 of
                  | the Abyss)
124672 | Depths:4 | Escaped the Abyss
125148 | Depths:4 | Voluntarily entered the Abyss.
125148 | Abyss:1  | Found a hazy altar of Hepliaklqana.
125189 | Abyss:1  | Found a hazy altar of Hepliaklqana.
125258 | Abyss:1  | Noticed an ancient lich
125271 | Depths:4 | Escaped the Abyss
125276 | Depths:4 | Voluntarily entered the Abyss.
125284 | Abyss:1  | Killed an ancient lich
125582 | Abyss:1  | Found an iron altar of Okawaru.
125665 | Abyss:2  | Found a corrupted altar of Lugonu.
125815 | Depths:4 | Escaped the Abyss
125838 | Depths:4 | Learned a level 8 spell: Chain Lightning
125842 | Depths:4 | Voluntarily entered the Abyss.
126628 | Depths:4 | Escaped the Abyss
127465 | Depths:4 | Voluntarily entered the Abyss.
127465 | Abyss:1  | Found a corrupted altar of Lugonu.
127983 | Abyss:5  | Entered Level 5 of the Abyss
127983 | Abyss:5  | Found a corrupted altar of Lugonu.
127999 | Abyss:5  | Identified the +0 leather armour "Uliulass" {*Slow +Blink
                  | Int+4} (You found it on level 5 of the Abyss)
128044 | Depths:4 | Escaped the Abyss
128129 | Depths:4 | Voluntarily entered the Abyss.
128653 | Abyss:4  | Found a corrupted altar of Lugonu.
129019 | Abyss:4  | Found a corrupted altar of Lugonu.
129111 | Depths:4 | Escaped the Abyss
129150 | Depths:4 | Voluntarily entered the Abyss.
129153 | Abyss:1  | Got an ancient demon blade
129637 | Abyss:1  | Found a shattered altar of Ashenzari.
129974 | Abyss:2  | Identified the +4 demon blade of Yesterday {vamp, Dex+7}
                  | (You found it on level 1 of the Abyss)
129975 | Abyss:2  | Identified the ring "Begui" {rPois rN+ MR+ Slay+3} (You
                  | found it on level 2 of the Abyss)
129978 | Depths:4 | Escaped the Abyss
130487 | Depths:4 | Voluntarily entered the Abyss.
130585 | Abyss:2  | Found a corrupted altar of Lugonu.
130606 | Abyss:2  | Found a corrupted altar of Lugonu.
130737 | Abyss:3  | Identified the cursed +1 flail of Destiny {crush, rC++}
                  | (You found it on level 3 of the Abyss)
130781 | Depths:4 | Escaped the Abyss
130833 | Depths:4 | Voluntarily entered the Abyss.
130833 | Abyss:1  | Found a corrupted altar of Lugonu.
130939 | Abyss:1  | Found a bloodstained altar of Trog.
131352 | Abyss:3  | Identified the +1 scale mail "Mafrip" {rC+ Str+10 Dex-4}
                  | (You found it on level 3 of the Abyss)
131559 | Depths:4 | Escaped the Abyss
131643 | Depths:4 | Voluntarily entered the Abyss.
132490 | Depths:4 | Escaped the Abyss
132499 | Depths:4 | Voluntarily entered the Abyss.
132630 | Abyss:1  | Found a corrupted altar of Lugonu.
132650 | Depths:4 | Escaped the Abyss
133151 | Depths:4 | Voluntarily entered the Abyss.
133699 | Depths:4 | Escaped the Abyss
134237 | Zig:1    | Entered Level 1 of a ziggurat
134400 | Zig:2    | Entered Level 2 of a ziggurat
134403 | Zig:2    | Noticed Bifes the pandemonium lord
134451 | Zig:2    | Killed Bifes the pandemonium lord
134599 | Zig:3    | Entered Level 3 of a ziggurat
134602 | Zig:3    | Found the +8 arc blade {discharge, rElec}
134629 | Zig:4    | Entered Level 4 of a ziggurat
134634 | Zig:4    | Found the +8 glaive of the Guard {elec, +Rage AC+5 SInv}
134659 | Zig:4    | Identified the +8 whip of Fate {flame, rElec rC- SInv} (You
                  | found it on level 4 of a ziggurat)
134752 | Zig:5    | Entered Level 5 of a ziggurat
134923 | Zig:6    | Entered Level 6 of a ziggurat
134950 | Zig:6    | Identified The Second Course in Witchery
135125 | Zig:7    | Entered Level 7 of a ziggurat
135145 | Zig:7    | Noticed Ajuk the pandemonium lord
135155 | Zig:7    | Killed Ajuk the pandemonium lord
135359 | Zig:8    | Entered Level 8 of a ziggurat
135365 | Zig:8    | Noticed Qapienos the pandemonium lord
135376 | Zig:8    | Killed Qapienos the pandemonium lord
135419 | Zig:8    | Got a slimy granite ring
135420 | Zig:8    | Identified the ring "Etaafepp" {Str+4 Dex+6 Stlth+} (You
                  | found it on level 8 of a ziggurat)
135442 | Zig:8    | Identified the cursed +0 hand axe "Goblin's Funeral" {holy,
                  | rF+ MP+9 Stlth+} (You found it on level 8 of a ziggurat)
135447 | Zig:8    | Identified the +4 short sword "Raeme" {pierce, rF+ rN+ MP+9
                  | Int+4} (You found it on level 8 of a ziggurat)
135558 | Zig:9    | Entered Level 9 of a ziggurat
135793 | Zig:10   | Entered Level 10 of a ziggurat
135865 | Zig:10   | Identified the +7 plate armour "Sasipp" {+Inv rElec Dex-4}
                  | (You found it on level 10 of a ziggurat)
135960 | Zig:11   | Entered Level 11 of a ziggurat
136061 | Zig:11   | Identified the +8 rapier of Shrieking Terror {protect,
                  | rElec rPois rN+} (You found it on level 11 of a ziggurat)
136152 | Zig:12   | Entered Level 12 of a ziggurat
136234 | Zig:12   | Identified Sif Muna's Reference Book on Toxic Translocation
136250 | Zig:12   | Identified the +1 helmet of Free Will {Int+4} (You found it
                  | on level 12 of a ziggurat)
136343 | Zig:13   | Entered Level 13 of a ziggurat
136352 | Zig:13   | Noticed an ancient lich
136369 | Zig:13   | Killed an ancient lich
136434 | Zig:13   | Identified the Grimoire of the Oath
136449 | Zig:13   | Identified the Catalogue of Poisonous Companions
136456 | Zig:13   | Identified the +4 arbalest of Drought {flame, +Inv rElec
                  | Str+2 Dex+2} (You found it on level 13 of a ziggurat)
136531 | Zig:14   | Entered Level 14 of a ziggurat
136543 | Zig:14   | Noticed an ancient lich
136546 | Zig:14   | Noticed an ancient lich
136560 | Zig:14   | Killed an ancient lich
136580 | Zig:14   | Killed an ancient lich
136636 | Zig:14   | Got a heavily runed lead ring
136637 | Zig:14   | Identified the ring "Koinwiv" {rF++ rC+ Dex-4} (You found
                  | it on level 14 of a ziggurat)
136743 | Zig:15   | Entered Level 15 of a ziggurat
136867 | Zig:15   | Identified the cursed +1 dagger of Zohuc {pierce, rElec
                  | rPois rC+ Stlth+} (You found it on level 15 of a ziggurat)
136911 | Zig:15   | Identified the Handbook of Ashen Lightness
136921 | Zig:15   | Got an ancient granite ring
136922 | Zig:15   | Identified the ring of Ahuetyus {+Fly Str+4} (You found it
                  | on level 15 of a ziggurat)
136954 | Zig:16   | Entered Level 16 of a ziggurat
137049 | Zig:16   | Got a wavering crystal amulet
137050 | Zig:16   | Identified the amulet "Rumm" {Inacc rPois Stlth+} (You
                  | found it on level 16 of a ziggurat)
137213 | Zig:17   | Entered Level 17 of a ziggurat
137376 | Zig:17   | Identified the Collected Works on Stones
137395 | Zig:17   | Identified the +1 plate armour of Orthodoxy {Str+5} (You
                  | found it on level 17 of a ziggurat)
137402 | Zig:17   | Identified the +9 short sword "Noguf" {flame, *Noise Str+4
                  | Int+3} (You found it on level 17 of a ziggurat)
137404 | Zig:17   | Identified the +9 dagger "Lifebane" {protect, rPois Dex+4}
                  | (You found it on level 17 of a ziggurat)
137423 | Zig:17   | Identified the cursed +3 rapier "Boseahaw" {freeze, Str+6}
                  | (You found it on level 17 of a ziggurat)
137446 | Zig:18   | Entered Level 18 of a ziggurat
137456 | Zig:18   | Noticed an ancient lich
137458 | Zig:18   | Noticed an ancient lich
137461 | Zig:18   | Noticed an ancient lich
137466 | Zig:18   | Killed an ancient lich
137470 | Zig:18   | Killed an ancient lich
137471 | Zig:18   | Killed an ancient lich
137552 | Zig:18   | Got a shimmering granite ring
137553 | Zig:18   | Identified the ring "Owaunege" {rCorr Int+4} (You found it
                  | on level 18 of a ziggurat)
137652 | Zig:19   | Entered Level 19 of a ziggurat
137754 | Zig:19   | Found the +8 lance "Wyrmbane" {slay drac, rPois rF+ rC+
                  | AC+3}
137762 | Zig:19   | Found the +8 demon trident "Rift" {distort, reach+}
137850 | Zig:19   | Identified the Collected Works on Quantum Conjuration
137872 | Zig:19   | Identified the +6 chain mail of Syeri {rElec rC+} (You
                  | found it on level 19 of a ziggurat)
137875 | Zig:19   | Identified the cursed +0 scale mail "Muyduv Xudd" {rElec
                  | rN+ MR- Str+3} (You found it on level 19 of a ziggurat)
137898 | Zig:20   | Entered Level 20 of a ziggurat
137907 | Zig:20   | Noticed a juggernaut
137908 | Zig:20   | Noticed a juggernaut
137912 | Zig:20   | Noticed a juggernaut
137912 | Zig:20   | Noticed a juggernaut
137914 | Zig:20   | Noticed a juggernaut
137926 | Zig:20   | Killed a juggernaut
137930 | Zig:20   | Killed a juggernaut
137931 | Zig:20   | Killed a juggernaut
137935 | Zig:20   | Killed a juggernaut
137939 | Zig:20   | Killed a juggernaut
138080 | Zig:20   | Identified the Catalogue of Confrontation
138104 | Zig:20   | Identified the +6 glaive of Sunlight {elec, rPois rF+} (You
                  | found it on level 20 of a ziggurat)
138155 | Zig:21   | Entered Level 21 of a ziggurat
138199 | Zig:21   | Found the +2 ratskin cloak {+Rats rPois rN+ Str-1 Int-1
                  | Dex+1}
138282 | Zig:21   | Identified the +1 ring mail of Pride {+Fly rF+++ rC-} (You
                  | found it on level 21 of a ziggurat)
138283 | Zig:21   | Identified the Guide on the Poisonous Frostbite
138307 | Zig:21   | NECRONOMICON ON ZIG 21 FROM ACQUIREMENT SCROLL A FEW FLOORS
                  | BEFORE
138322 | Zig:21   | Lost mutation: Your magical capacity is low. (-10% MP)
                  | [potion of mutation]
138322 | Zig:21   | Lost mutation: You are clumsy. (Dex -2) [potion of
                  | mutation]
138322 | Zig:21   | Gained mutation: You passively map a small area around you.
                  | [potion of mutation]
138322 | Zig:21   | Gained mutation: Your mind is acute. (Int +2) [potion of
                  | mutation]
138322 | Zig:21   | Gained mutation: Your magical capacity is low. (-10% MP)
                  | [potion of mutation]
138322 | Zig:21   | Gained mutation: You are partially covered in molten
                  | scales. (AC +2) [potion of mutation]
138681 | D:14     | Learned a level 8 spell: Infestation
138690 | D:14     | Learned a level 8 spell: Necromutation
138934 | Crypt:2  | Got a twitching tin amulet
138935 | Crypt:2  | Identified the amulet "Voaf" {Gourm +Blink Int-2 Dex+4}
                  | (You found it on level 2 of the Crypt)
138953 | Crypt:2  | Got a sparkling lapis lazuli ring
138954 | Crypt:2  | Identified the ring "Diamel" {rPois Str+7} (You found it on
                  | level 2 of the Crypt)
139375 | Tomb:1   | Entered Level 1 of the Tomb of the Ancients
139434 | Tomb:1   | Noticed Boris
139444 | Tomb:1   | Killed Boris
139549 | Tomb:1   | Identified the +2 chain mail of the Eight Boll Weevils
                  | {*Slow +Inv rElec rC++} (You found it on level 1 of the
                  | Tomb of the Ancients)
140252 | Tomb:1   | Noticed a greater mummy
140262 | Tomb:1   | Killed a greater mummy
140455 | Tomb:1   | Paralysed by a Zot trap for 5 turns
140936 | Tar:1    | Entered Level 1 of Tartarus
143814 | Tar:3    | HP: 8/233 [Tzitzimitl/dispel undead[a doom hound] (63)]
145835 | Tar:7    | Entered Level 7 of Tartarus
146066 | Tar:7    | Found the +0 sword of Power
146089 | Tar:7    | Got a transparent graven amulet
146131 | Tar:7    | Identified the amulet "Qeriafro" {Inacc Int+4} (You found
                  | it on level 7 of Tartarus)
146135 | Tar:7    | Identified the +1 cloak "Yxki" {+Blink rC+ Regen+} (You
                  | found it on level 7 of Tartarus)
146730 | D:14     | Learned a level 9 spell: Shatter
146824 | D:14     | Learned a level 9 spell: Tornado
146835 | D:14     | Bought 2 potions of agility for 200 gold pieces
146835 | D:14     | Bought a scroll of identify for 50 gold pieces
146835 | D:14     | Bought a potion of agility for 100 gold pieces
146835 | D:14     | Bought a scroll of blinking for 187 gold pieces
146835 | D:14     | Bought 2 potions of heal wounds for 250 gold pieces
146835 | D:14     | Bought a scroll of identify for 50 gold pieces
146851 | D:14     | Bought a potion of lignification for 63 gold pieces
146851 | D:14     | Bought a potion of brilliance for 84 gold pieces
146851 | D:14     | Bought a ration for 105 gold pieces
146852 | D:14     | Bought a scroll of enchant armour for 112 gold pieces
146852 | D:14     | Bought a scroll of identify for 30 gold pieces
146852 | D:14     | Bought a scroll of enchant armour for 112 gold pieces
146852 | D:14     | Bought a scroll of teleportation for 45 gold pieces
146852 | D:14     | Bought a scroll of teleportation for 45 gold pieces
146852 | D:14     | Bought a scroll of fear for 52 gold pieces
146854 | D:14     | Bought a scroll of identify for 34 gold pieces
146854 | D:14     | Bought a potion of flight for 51 gold pieces
146854 | D:14     | Bought a scroll of magic mapping for 59 gold pieces
146854 | D:14     | Bought 23 bolts for 78 gold pieces
146858 | D:14     | Bought a scroll of enchant weapon for 127 gold pieces
147072 | Tomb:1   | Noticed a greater mummy
147082 | Tomb:1   | Noticed a greater mummy
147090 | Tomb:1   | Killed a greater mummy
147091 | Tomb:1   | Noticed a greater mummy
147097 | Tomb:1   | Killed a greater mummy
147107 | Tomb:1   | Killed a greater mummy
147152 | Tomb:1   | Noticed a greater mummy
147160 | Tomb:1   | Killed a greater mummy
147266 | Tomb:1   | Noticed a greater mummy
147273 | Tomb:1   | Killed a greater mummy
147339 | Tomb:1   | Noticed a greater mummy
147350 | Tomb:1   | Killed a greater mummy
147406 | Tomb:1   | Noticed a greater mummy
147413 | Tomb:1   | Killed a greater mummy
147636 | Tomb:1   | Noticed a greater mummy
147641 | Tomb:1   | Killed a greater mummy
147670 | Tomb:1   | Noticed a greater mummy
147679 | Tomb:1   | Noticed a greater mummy
147696 | Tomb:1   | Noticed a greater mummy
147698 | Tomb:1   | Killed a greater mummy
147707 | Tomb:1   | Noticed a greater mummy
147708 | Tomb:1   | Killed a greater mummy
147777 | Tomb:1   | Killed a greater mummy
148010 | Tomb:1   | Killed a greater mummy
148077 | Tomb:1   | Noticed a greater mummy
148084 | Tomb:1   | Noticed a greater mummy
148087 | Tomb:1   | Killed a greater mummy
148092 | Tomb:1   | Killed a greater mummy
148542 | Tomb:2   | Noticed a greater mummy
148552 | Tomb:2   | Noticed Boris
148559 | Tomb:2   | Killed a greater mummy
148562 | Tomb:2   | Noticed an ancient lich
148563 | Tomb:2   | Killed Boris
148564 | Tomb:2   | Noticed a greater mummy
148568 | Tomb:2   | Noticed a greater mummy
148576 | Tomb:2   | Killed a greater mummy
148583 | Tomb:2   | Killed an ancient lich
148594 | Tomb:2   | Killed a greater mummy
149068 | Tomb:3   | Entered Level 3 of the Tomb of the Ancients
149073 | Tomb:3   | Noticed a greater mummy
149074 | Tomb:3   | Noticed a greater mummy
149075 | Tomb:3   | Noticed Khufu
149075 | Tomb:3   | Noticed a greater mummy
149088 | Tomb:3   | Killed a greater mummy
149092 | Tomb:3   | Killed a greater mummy
149099 | Tomb:3   | Killed Khufu
149103 | Tomb:3   | Killed a greater mummy
149108 | Tomb:3   | Noticed a greater mummy
149116 | Tomb:3   | Noticed a greater mummy
149118 | Tomb:3   | Noticed a greater mummy
149118 | Tomb:3   | Noticed a greater mummy
149128 | Tomb:3   | Killed a greater mummy
149130 | Tomb:3   | Noticed a greater mummy
149137 | Tomb:3   | Killed a greater mummy
149138 | Tomb:3   | Killed a greater mummy
149141 | Tomb:3   | Killed a greater mummy
149147 | Tomb:3   | Killed a greater mummy
149148 | Tomb:3   | Noticed a greater mummy
149148 | Tomb:3   | Noticed a greater mummy
149149 | Tomb:3   | Noticed a greater mummy
149149 | Tomb:3   | Noticed a greater mummy
149155 | Tomb:3   | Killed a greater mummy
149155 | Tomb:3   | Killed a greater mummy
149162 | Tomb:3   | Killed a greater mummy
149175 | Tomb:3   | Killed a greater mummy
149271 | Tomb:3   | Got a golden rune of Zot
149493 | Tomb:3   | Found the -2 hat of the Alchemist {rElec rPois rF+ rC+ rN+
                  | MR+ rMut rCorr}
149507 | Tomb:3   | Got a twitching turquoise ring
149508 | Tomb:3   | Identified the ring of Uliusac {+Fly MR+ AC+3} (You found
                  | it on level 3 of the Tomb of the Ancients)
149513 | Tomb:3   | Identified the +1 hand crossbow of Gluttony {velocity,
                  | Str+4} (You found it on level 3 of the Tomb of the
                  | Ancients)
149961 | Tomb:3   | Identified the cursed +0 hunting sling of Kozifokh {freeze,
                  | rN+ Int-3 Dex+4} (You found it on level 3 of the Tomb of
                  | the Ancients)
150551 | Geh:1    | Entered Level 1 of Gehenna
151228 | Geh:1    | Learned a level 3 spell: Inner Flame
151425 | D:14     | Learned a level 3 spell: Inner Flame
153595 | Geh:7    | Entered Level 7 of Gehenna
154698 | Geh:7    | Identified the +7 sceptre of Asmodeus
154698 | Geh:7    | Noticed Asmodeus
154726 | Geh:7    | Killed Asmodeus
154833 | Geh:7    | Got an obsidian rune of Zot
156401 | Tar:7    | Found the +0 Maxwell's etheric cage {RegenMP+ *Contam rElec
                  | MP+4}
156414 | Tar:7    | Got a vibrating iron ring
156415 | Tar:7    | Identified the ring of Codozita {rPois Dex+2} (You found it
                  | on level 7 of Tartarus)
156419 | Tar:7    | Identified the +10 plate armour "Ujuebubu" {rElec Str-4
                  | Dex+7} (You found it on level 7 of Tartarus)
156421 | Tar:7    | Got a wavering copper amulet
156422 | Tar:7    | Identified the amulet "Owiveb" {Acrobat rElec MR+} (You
                  | found it on level 7 of Tartarus)
156432 | Tar:7    | Identified the Incunabulum of Creation and Evil Rituals
156435 | Tar:7    | Got a shimmering copper ring
156436 | Tar:7    | Identified the ring of the Morning {rElec SInv} (You found
                  | it on level 7 of Tartarus)
156439 | Tar:7    | Identified the +5 ring mail of Hysteria {Str+2 Dex+2} (You
                  | found it on level 7 of Tartarus)
157033 | Tar:7    | Noticed an ancient lich
157045 | Tar:7    | Killed an ancient lich
157197 | Tar:7    | Identified the Volume of Fetching Talismans
157203 | Tar:7    | Identified the +4 plate armour of the Leaf {MR+ Int-4 SInv}
                  | (You found it on level 7 of Tartarus)
157205 | Tar:7    | Identified the +3 ice dragon scales of Yredelemnul's Pride
                  | {rElec rF- rC++ Str+6 Int+4} (You found it on level 7 of
                  | Tartarus)
157613 | Tar:7    | Noticed Ereshkigal
157632 | Tar:7    | Killed Ereshkigal
157698 | Tar:7    | Got a bone rune of Zot
158167 | Coc:1    | Entered Level 1 of Cocytus
159167 | Coc:7    | Entered Level 7 of Cocytus
159307 | Coc:7    | Noticed the Serpent of Hell
159321 | Coc:7    | Killed the Serpent of Hell
159774 | Coc:7    | Noticed Antaeus
159837 | Coc:7    | Killed Antaeus
159837 | Coc:7    | Reached skill level 27 in Invocations
159891 | Coc:7    | Found the +2 shield of Resistance {rF+ rC+ MR+}
160027 | Coc:7    | Got an icy rune of Zot
160034 | Coc:7    | Identified the +9 hand crossbow "Cyhy" {penet, rElec rN+}
                  | (You found it on level 7 of Cocytus)
160038 | Coc:7    | Got a crude marble ring
160039 | Coc:7    | Identified the ring "Kaskokuu" {EV+1 Str+2} (You found it
                  | on level 7 of Cocytus)
160509 | Dis:1    | Entered Level 1 of the Iron City of Dis
160957 | Dis:7    | Entered Level 7 of the Iron City of Dis
161637 | Dis:7    | Identified the +4 staff of Dispater
161637 | Dis:7    | Noticed Dispater
161680 | Dis:7    | Killed Dispater
162018 | Dis:7    | Identified the +2 scimitar "Zilughen" {slice, Int+3} (You
                  | found it on level 7 of the Iron City of Dis)
162022 | Dis:7    | Got an iron rune of Zot
162026 | Dis:7    | Got a flickering golden ring
162027 | Dis:7    | Identified the ring "Woyfir" {rF+ rC+} (You found it on
                  | level 7 of the Iron City of Dis)
162030 | Dis:7    | Identified the +3 leather armour of Amelioration {rF- MR+
                  | Slay+3} (You found it on level 7 of the Iron City of Dis)
162716 | Dis:7    | Got an ancient copper ring
162717 | Dis:7    | Identified the ring "Deoqyosowo" {Ice Str+5 Dex+5} (You
                  | found it on level 7 of the Iron City of Dis)
163467 | Pan      | Entered Pandemonium
163946 | Pan      | Identified the Almanac of the Blistering Entourage
164026 | Pan      | Found a white marble altar of Elyvilon.
164132 | Pan      | Identified the +7 rapier "Zeckaxtui" {pierce, rC+ Str+4
                  | Dex-5 SInv} (You found it in Pandemonium)
165579 | Pan      | Identified the ring of Bypnoih {rN+ Dex+4}
166375 | Pan      | Found a glowing silver altar of Zin.
166910 | Pan      | Got a demonic rune of Zot
166965 | Pan      | Identified the +8 lajatang of the Six Wishes {antimagic,
                  | Int+2 Dex+5}
166965 | Pan      | Identified the amulet of the Locust {+Rage Str+2 Slay+3}
166965 | Pan      | Noticed a seraph
166981 | Pan      | Killed a seraph
167020 | Pan      | Found a glowing golden altar of the Shining One.
167149 | Pan      | Got a scorched ivory ring
167155 | Pan      | Identified the ring "Qashruh" {Int+3 Slay+2 SInv} (You
                  | found it in Pandemonium)
167530 | Depths:1 | Escaped Pandemonium
167823 | Pan      | Entered Pandemonium
168304 | Pan      | Noticed Ysaisek the pandemonium lord
168317 | Pan      | Killed Ysaisek the pandemonium lord
168569 | Pan      | Noticed Rusujuku the pandemonium lord
168589 | Pan      | Killed Rusujuku the pandemonium lord
169223 | Pan      | Found an exit through the horrors of the Abyss.
169386 | Pan      | Took an exit into the Abyss.
169386 | Abyss:1  | Escaped into the Abyss
169448 | Depths:1 | Escaped the Abyss
169744 | Pan      | Entered Pandemonium
170239 | Pan      | Found an exit through the horrors of the Abyss.
170247 | Pan      | Took an exit into the Abyss.
170247 | Abyss:1  | Escaped into the Abyss
170251 | Abyss:1  | Found a corrupted altar of Lugonu.
170267 | Abyss:1  | Identified the +0 pair of boots "Datot" {-Cast rPois MR++
                  | Slay+3} (You found it on level 1 of the Abyss)
170280 | Abyss:1  | Noticed an ancient lich
170285 | Abyss:1  | Killed an ancient lich
170297 | Depths:1 | Escaped the Abyss
170428 | Pan      | Entered the realm of Gloorx Vloq.
170428 | Pan      | Entered Pandemonium
171502 | Pan      | Noticed Gloorx Vloq
171514 | Pan      | Killed Gloorx Vloq
171525 | Pan      | Got a dark rune of Zot
171762 | Pan      | Entered the realm of Lom Lobon.
172461 | Pan      | Noticed Lom Lobon
172476 | Pan      | Killed Lom Lobon
172509 | Pan      | Got a magical rune of Zot
172603 | Pan      | Noticed Wumirer the pandemonium lord
172604 | Pan      | Found an exit through the horrors of the Abyss.
172617 | Pan      | Killed Wumirer the pandemonium lord
172617 | Pan      | Reached skill level 27 in Spellcasting
172663 | Pan      | Identified the +7 arbalest "Hegheunt" {speed, rElec rPois
                  | MR- Str+3} (You found it in Pandemonium)
173018 | Pan      | Took an exit into the Abyss.
173018 | Abyss:1  | Escaped into the Abyss
173463 | Depths:1 | Escaped the Abyss
173521 | Pan      | Entered the realm of Cerebov.
173521 | Pan      | Entered Pandemonium
174646 | Pan      | Got a heavily runed tin ring
174648 | Pan      | Identified the ring "Deda" {rElec rN+ Str+3 Slay-2} (You
                  | found it in Pandemonium)
174673 | Pan      | Identified the +6 sword of Cerebov {flame}
174673 | Pan      | Noticed Cerebov
174832 | Pan      | Identified the +7 lajatang "Kiucha" {slice, MR+} (You found
                  | it in Pandemonium)
174853 | Pan      | Identified the Reference Book on Orientation and Heat
174885 | Pan      | Got a fiery rune of Zot
174907 | Pan      | Killed Cerebov
175440 | Pan      | Found an exit through the horrors of the Abyss.
175458 | Pan      | Took an exit into the Abyss.
175458 | Abyss:1  | Escaped into the Abyss
175493 | Depths:1 | Escaped the Abyss
175507 | Pan      | Entered the realm of Mnoleg.
175507 | Pan      | Entered Pandemonium
175753 | Pan      | Noticed Mnoleg
175764 | Pan      | Killed Mnoleg
175786 | Pan      | Got a glowing rune of Zot
176186 | Depths:1 | Escaped Pandemonium
177030 | Zot:5    | Entered Level 5 of the Realm of Zot
177361 | Zot:5    | Noticed an ancient lich
177394 | Zot:5    | Killed an ancient lich
177403 | Zot:5    | Noticed an orb of fire
177404 | Zot:5    | Noticed an ancient lich
177404 | Zot:5    | Noticed an ancient lich
177408 | Zot:5    | Killed an ancient lich
177414 | Zot:5    | Killed an ancient lich
177601 | Zot:5    | Noticed an ancient lich
177603 | Zot:5    | Noticed an ancient lich
177604 | Zot:5    | Noticed an orb of fire
177609 | Zot:5    | Noticed an ancient lich
177771 | Zot:5    | Got the Orb of Zot
177972 | Depths:4 | Noticed Eqopiuw the pandemonium lord
178543 | D:1      | GREAT WIN WITH GREAT GEAR
178543 | D:1      | NECROMUTATION SHOWED UP VERY LATE SO WENT TO ZIG AND IT WAS
                  | SPICY IN MOMENTS BUT FOUND IT ON ZIG 21ST FLOOR AND WENT
                  | BACK TO DUNGEON
178543 | D:1      | DID HELLS FIRST SINCE THEY SPAWN UNRANDARTIFACTS THEN DID
                  | PAN
178543 | D:1      | IGNITION, SHATTER AND TORNADO ALL UP AND RUNNING
178543 | D:1      | RUN TOOK LIKE 2 WEEKS SO SOME OF THE BEGINNING PHASES OF
                  | THE RUN ARE FUZZY
178543 | D:1      | WIN 2 IN A ROW AND START OF NEW STREAK!!! :D
178544 | D:$      | Escaped with the Orb!

Levels and vault maps discovered:
D:1:      dpeg_arrival_tiny_j, layout_rooms, minmay_misc_feat_rows,
          minivault_26, minmay_misc_feat_alley
D:2:      layout_basic, cheibriados_altar_1, fiery_altar_vehumet, first_ration
D:3:      layout_basic
D:4:      layout_basic, overflow_temple_1_default, lemuel_blue_sif_altar,
          minmay_temple_entry_stoned_glass,
          nicolae_gozag_cash_rules_everything_around_me
D:5:      layout_rooms, serial_shops, nicolae_shop_behind_doors
D:6:      layout_cave_pools, st_stairs_5, serial_park_tiny_2
D:7:      layout_cave_pools, kennysheep_little_box, basic_altar, serial_park,
          serial_park_avenue1
D:8:      layout_basic, lemuel_crystal_altar, hellmonk_ghost_happy_afterlife
D:9:      layout_cave_pods, lemuel_doored_altar, orc_david_3, special_room
          [special_room_orc]
D:10:     layout_long_grid, muffindrake_ghost_dual_entry,
          hangedman_little_slice_of_home, uniq_joseph, uniq_maurice
D:11:     layout_cave_pools, erik_lair_orcish_takeover, minivault_29
D:12:     wander_kiku_kobolds, layout_basic, yredelemnul_altar_generic
D:13:     layout_loops_ring, hangedman_decor_diamond_cutter, uniq_frances
D:14:     cheibrodos_wizards_tower, layout_grid_maze, grunt_vaults_entry_tiered,
          lemuel_crystal_altar, uniq_agnes, uniq_josephine, uniq_jorgrun
D:15:     hangedman_depths_entry_try_elsewhere_first, layout_small_grid,
          chequers_decorated_corner
Temple:   regret_index_temple_generic_petals
Lair:1:   layout_loops_ring, uniq_nergalle, uniq_urug
Lair:2:   layout_small_grid, grunt_megastairs_4
Lair:3:   layout_gridlike, special_room [special_room_bee],
          ebering_ghost_inner_flame, nicolae_quartered_pool_medium,
          hangedman_lair_generics_rect
Lair:4:   layout_small_grid, minmay_shoals_entry_centaurs,
          nicolae_spider_entry_non_spiders, minmay_lair_oklob_chamber
Lair:5:   layout_concentric_octagons, nicolae_slime_entry_slimehenge
Lair:6:   minmay_lair_end_frog_pond, layout_big_grid,
          ebering_ghost_reflecting_pool, serial_bayou, serial_bayou_pond_e,
          serial_bayou_pond_a, serial_bayou_crossing, serial_bayou_ford_a,
          grunt_forest_large_clearing_hut
Shoals:1: layout_shoals, serial_shops, nicolae_shop_trees,
          nicolae_shoals_this_corrosion, uniq_nikola
Shoals:2: cheibrodos_shoals_epimethial_gifts, layout_shoals,
          nicolae_shoals_square_sea_wall, nicolae_shoals_dead_sea_scrolls,
          uniq_polyphemus
Shoals:3: argonaut_golden_fleece, layout_shoals, serial_shops,
          nicolae_shop_waterfront, gammafunk_ghost_cemetery, uniq_ilsuiw
Shoals:4: shoals_end_simple, layout_shoals, lemuel_centaur_altar
Spider:1: layout_spider_delve
Spider:2: layout_spider_delve, portal_ice_cave_entry_pillars_three,
          nicolae_spider_stair_cavern
Spider:3: layout_chambers, nicolae_spider_cling_ruins, uniq_donald
Spider:4: grunt_spider_rune_circles
Slime:1:  layout_caves
Slime:2:  layout_caves
Slime:3:  layout_caves
Slime:4:  layout_caves
Slime:5
Orc:1:    layout_caves, mines2_david
Orc:2:    st_orc_town, layout_caves, serial_shops, bzr_entry_customers,
          nicolae_shop_statue_plus, nicolae_shop_overgrown_old_shop, shop,
          basic_altar
Elf:1:    minmay_elf_arrival_summoners, layout_geoelf_octagon,
          hangedman_elf_represent, uniq_louise, uniq_asterion
Elf:2:    layout_loops_ring
Elf:3:    nooodl_elf_gasket, layout_rooms, serial_shops,
          nicolae_shop_behind_doors, gammafunk_ghost_grave,
          serial_sigils_hangedman_clutch, minivault_13
Vaults:1: vaults_mumra_chevron, nicolae_vaults_an_arrangement,
          nicolae_vaults_what_the_h, grunt_vaults_twisty,
          nicolae_vaults_little_squares_1, grunt_vaults_trifunnel,
          nicolae_vaults_little_squares_2, v_misc_25,
          nicolae_vaults_specimen_jars, nicolae_vaults_network_quinsquares
          [nicolae_vaults_network_quincunx_subvault,
          nicolae_vaults_network_quincunx_subvault,
          nicolae_vaults_network_quincunx_subvault,
          nicolae_vaults_network_quincunx_subvault], layout_vaults_omnibox
Vaults:2: v_misc_17, minmay_crypt_entry_skeletal_spiral, vaults_room_octagon,
          v_misc_27, ontoclasm_vaults_ring_large, vaults_dpeg_encased_lava,
          v_misc_11, vaults_room_boxed, v_misc_11, ontoclasm_vaults_chip,
          nicolae_vaults_mini_display_case, layout_vaults_chaotic_city
Vaults:3: nicolae_vaults_yaktaur_gun_rack, vaults_mumra_chevron_long,
          vaults_room_hallway, v_misc_2, hangedman_vaults_stretched_pinwheel,
          nicolae_vaults_asterisk, dpeg_vaults_monster_box, v_misc_24,
          layout_vaults_ring, basic_altar
Vaults:4: nicolae_vaults_statue_guard, dpeg_vaults_monster_row,
          vaults_room_fours, ontoclasm_vaults_fault, v_rooms_4, v_misc_27,
          nicolae_vaults_network_s, vaults_room_fours,
          ontoclasm_vaults_shuriken, vaults_dpeg_diagonal,
          nicolae_vaults_diagonal_hallway_8, layout_vaults_omnicross,
          serial_shops, shop, uniq_xtahua, uniq_bai_suzhen, uniq_mara
Vaults:5
Crypt:1:  layout_misc_corridors
Crypt:2:  gammafunk_sealed_arena, layout_misc_corridors,
          ebering_ghost_disaster_area, hex_large, minivault_27, uniq_margery
Crypt:3:  lightli_unholy_cathedral, layout_chaotic_city,
          tomb_entry_forgotten_bobbens
Tomb:1
Tomb:2
Tomb:3:   uniq_khufu
Depths:1: layout_big_octagon, hell_entry, kennysheep_minor_cross,
          rand_demon_pan_entry_1, sword_in_stone, grunt_megastairs_1
Depths:2: hangedman_crystal_crosses_colossus [crystal_crosses_arms_four,
          crystal_crosses_arms_two, crystal_crosses_arms_two,
          crystal_crosses_arms_one], hell_entry, uniq_enchantress
Depths:3: minmay_complete_graph, layout_basic, enter_ziggurat_d,
          rand_demon_pan_entry_5, hell_entry, kennysheep_treasure_room,
          uniq_sojobo, uniq_saint_roka
Depths:4: minmay_the_grid_square_5x5_3x3
          [minmay_the_grid_square_5x5_sharp_hourglass,
          minmay_the_grid_square_5x5_eight_small,
          minmay_the_grid_square_5x5_spiral, minmay_the_grid_square_5x5_six,
          minmay_the_grid_square_5x5_megaprize_crossed,
          minmay_the_grid_square_5x5_mess,
          minmay_the_grid_square_5x5_half_checkered,
          minmay_the_grid_square_5x5_c, minmay_the_grid_square_5x5_tri_point],
          layout_cave_pools, abyss_entry, grunt_hell_horde,
          minmay_misc_feat_hallway, grunt_pan_entry_sceptre,
          minmay_misc_feat_square, nicolae_elemental_shop, serial_bayou_lake_a,
          minmay_staircase_statues
Depths:5: grunt_crosshair, layout_long_grid, hell_entry, pan_entry,
          serial_shops, shop, corner_web_ring, uniq_boris
Hell
Dis:1:    layout_subdivisions
Dis:2:    layout_chaotic_city
Dis:3:    layout_chaotic_city
Dis:4:    layout_subdivisions
Dis:5:    layout_jigsaw
Dis:6:    layout_gridville
Dis:7:    dis_grunt_layers
Geh:1:    layout_gehenna_lava_caves
Geh:2:    layout_gehenna_lava_caves
Geh:3:    layout_gehenna_lava_caves
Geh:4:    layout_gehenna_lava_caves
Geh:5:    layout_gehenna_pools_triple
Geh:6:    layout_gehenna_pools_box, evilmike_ambush
          [evilmike_ambush_outer_doors, evilmike_ambush_inner_pond]
Geh:7:    geh_hangedman
Coc:1:    layout_cocytus_water_paths
Coc:2:    layout_ice_bergs
Coc:3:    layout_cocytus_water_paths
Coc:4:    layout_cocytus_water_paths
Coc:5:    layout_ice_bergs
Coc:6:    layout_ice_bergs, special_room [special_room_morgue]
Coc:7:    coc_old
Tar:1:    layout_cathedral_of_symmetry
Tar:2:    layout_catacombs
Tar:3:    layout_grid_maze
Tar:4:    layout_grid_maze, nicolae_tar_cuneiform_oil,
          nicolae_tar_cuneiform_to_be, grunt_megastairs_2
Tar:5:    layout_cathedral_of_symmetry
Tar:6:    layout_grid_maze, nicolae_tar_cuneiform_not
Tar:7:    tar_old
Zot:1:    layout_gridlike
Zot:2:    hangedman_orp_of_zott, layout_gridlike
Zot:3:    circus_mu, layout_onion
Zot:4:    layout_basic, st_stairs_6, grunt_ministairs_9, hangedman_hellfire_club
Zot:5:    layout_gridlike

Skill      XL: |  1  2  3  4  5  6  7  8  9 10 11 12 13 14 15 16 17 18 19 20 21 22 23 24 25 26 27 |
---------------+----------------------------------------------------------------------------------+-----
Charms         | 2 3 4 5 6 7 8 9 10 11 12 13 14 23 | 23.5
Summonings     | 2 3 4 5 6 7 8 9 10 11 12 13 14 23 | 23.5
Earth Magic    | 2 3 4 5 6 7 8 9 10 11 12 13 14 23 | 23.5
Invocations    | 1 2 3 4 5 6 7 8 9 10 11 12 13 14 15 16 17 18 27 | 27.0
Fighting       | 1 2 3 4 5 6 7 8 9 10 11 12 13 14 15 16 17 26 | 26.9
Short Blades   | 1 2 3 4 5 6 7 8 9 10 11 12 13 14 15 16 17 26 | 26.8
Long Blades    | 1 2 3 4 5 6 7 8 9 10 11 12 13 14 15 16 17 26 | 26.8
Axes           | 1 2 3 4 5 6 7 8 9 10 11 12 13 14 15 16 17 26 | 26.8
Maces & Flails | 1 2 3 4 5 6 7 8 9 10 11 12 13 14 15 16 17 26 | 26.8
Polearms       | 1 2 3 4 5 6 7 8 9 10 11 12 13 14 15 16 17 26 | 26.8
Staves         | 1 2 3 4 5 6 7 8 9 10 11 12 13 14 15 16 17 26 | 26.8
Slings         | 1 2 3 4 5 6 7 8 9 10 11 12 13 14 15 16 17 26 | 26.8
Bows           | 1 2 3 4 5 6 7 8 9 10 11 12 13 14 15 16 17 26 | 26.8
Crossbows      | 1 2 3 4 5 6 7 8 9 10 11 12 13 14 15 16 17 26 | 26.8
Armour         | 1 2 3 4 5 6 7 8 9 10 11 12 13 14 15 16 17 26 | 26.8
Dodging        | 1 2 3 4 5 6 7 8 9 10 11 12 13 14 15 16 17 26 | 26.8
Stealth        | 1 2 3 4 5 6 7 8 9 10 11 12 13 14 15 16 17 26 | 26.8
Unarmed Combat | 1 2 3 4 5 6 7 8 9 10 11 12 13 14 15 16 17 26 | 26.8
Evocations     | 1 2 3 4 5 6 7 8 9 10 11 12 13 14 15 16 17 26 | 26.8
Hexes          | 1 2 3 4 5 6 7 8 9 10 11 12 13 14 23 | 23.4
Necromancy     | 1 2 3 4 5 6 7 8 9 10 11 12 13 14 23 | 23.4
Translocations | 1 2 3 4 5 6 7 8 9 10 11 12 13 14 23 | 23.4
Transmutations | 1 2 3 4 5 6 7 8 9 10 11 12 13 14 23 | 23.4
Fire Magic     | 1 2 3 4 5 6 7 8 9 10 11 12 13 14 23 | 23.4
Ice Magic      | 1 2 3 4 5 6 7 8 9 10 11 12 13 14 23 | 23.4
Air Magic      | 1 2 3 4 5 6 7 8 9 10 11 12 13 14 23 | 23.4
Poison Magic   | 1 2 3 4 5 6 7 8 9 10 11 12 13 14 23 | 23.4
Throwing       | 3 4 5 6 7 8 9 10 11 12 13 14 15 16 17 26 | 26.9
Shields        | 3 4 5 6 7 8 9 10 11 12 13 14 15 16 17 26 | 26.9
Conjurations   | 4 5 6 7 8 9 10 11 12 13 14 15 23 | 23.7
Spellcasting   | 8 9 10 11 12 13 14 15 16 17 18 27 | 27.0

Action                   |  1- 3 |  4- 6 |  7- 9 | 10-12 | 13-15 | 16-18 | 19-21 | 22-24 | 25-27 || total
-------------------------+-------+-------+-------+-------+-------+-------+-------+-------+-------++-------
Melee: Club              |    15 |       |       |       |       |       |       |       |       ||    15
       Dagger            |   100 |    14 |    71 |    74 |     4 |       |       |       |       ||   263
       Bite              |    11 |    15 |    46 |    70 |    71 |   158 |   102 |    85 |  1665 ||  2223
       Whip              |       |   103 |   191 |    39 |       |       |       |       |       ||   333
       Punch             |       |       |    10 |    19 |       |       |       |       |       ||    29
       War axe           |       |       |       |   325 |   357 |   564 |    31 |       |       ||  1277
       Mace              |       |       |       |    38 |     3 |       |       |       |       ||    41
       Falchion          |       |       |       |     2 |       |       |       |       |       ||     2
       Hand axe          |       |       |       |     8 |       |       |       |       |       ||     8
       Rapier            |       |       |       |       |       |   312 |   416 |   359 |   775 ||  1862
       Broad axe         |       |       |       |       |       |       |    32 |   102 |  6066 ||  6200
       Demon blade       |       |       |       |       |       |       |       |     7 |    49 ||    56
       Lance             |       |       |       |       |       |       |       |       |   957 ||   957
 Fire: Shortbow          |       |       |       |    44 |       |       |       |       |       ||    44
       Hand crossbow     |       |       |       |    61 |   938 |   710 |   662 |   760 |  2499 ||  5630
       Arbalest          |       |       |       |    38 |       |       |       |       |       ||    38
Throw: Stone             |    19 |    54 |    55 |       |       |       |       |       |       ||   128
       Dart              |       |     5 |    20 |    48 |     8 |    93 |       |       |    58 ||   232
       Boomerang         |       |       |     3 |     8 |       |    11 |    25 |    18 |   105 ||   170
       Javelin           |       |       |       |       |       |       |       |       |    83 ||    83
 Cast: Flame Tongue      |    22 |    13 |    39 |    32 |     3 |       |       |       |       ||   109
       Static Discharge  |     6 |    11 |    25 |    21 |     6 |     5 |       |       |       ||    74
       Regeneration      |       |       |       |     4 |     9 |     4 |     2 |     8 |    85 ||   112
       Song of Slaying   |       |       |       |     1 |       |       |       |       |     5 ||     6
       Olgreb's Toxic Ra |       |       |       |    14 |    34 |    44 |   112 |    70 |    22 ||   296
       Mephitic Cloud    |       |       |       |     6 |    24 |    68 |    22 |     5 |     4 ||   129
       Poisonous Vapours |       |       |       |     3 |       |       |       |       |       ||     3
       Apportation       |       |       |       |       |    29 |   105 |    15 |    24 |   610 ||   783
       Confuse           |       |       |       |       |     5 |    68 |    18 |     7 |    14 ||   112
       Metabolic Englaci |       |       |       |       |     3 |     1 |     2 |     4 |       ||    10
       Bolt of Magma     |       |       |       |       |       |     5 |    13 |     1 |     2 ||    21
       Blink             |       |       |       |       |       |     5 |       |     1 |    56 ||    62
       Tukima's Dance    |       |       |       |       |       |     3 |     6 |       |     1 ||    10
       Ignite Poison     |       |       |       |       |       |       |    71 |    28 |    11 ||   110
       Borgnjor's Vile C |       |       |       |       |       |       |    36 |   110 |   319 ||   465
       Shroud of Golubri |       |       |       |       |       |       |     2 |       |     8 ||    10
       Fireball          |       |       |       |       |       |       |       |     6 |    16 ||    22
       Spellforged Servi |       |       |       |       |       |       |       |       |    47 ||    47
       Iron Shot         |       |       |       |       |       |       |       |       |    64 ||    64
       Necromutation     |       |       |       |       |       |       |       |       |   393 ||   393
       Ignition          |       |       |       |       |       |       |       |       |   232 ||   232
       Shatter           |       |       |       |       |       |       |       |       |    75 ||    75
       Tornado           |       |       |       |       |       |       |       |       |    70 ||    70
       Infestation       |       |       |       |       |       |       |       |       |    32 ||    32
       Chain Lightning   |       |       |       |       |       |       |       |       |    19 ||    19
       Portal Projectile |       |       |       |       |       |       |       |       |     9 ||     9
       Summon Butterflie |       |       |       |       |       |       |       |       |     7 ||     7
       Lee's Rapid Decon |       |       |       |       |       |       |       |       |     3 ||     3
Invok: Heroism           |       |       |     3 |     9 |    15 |    12 |     1 |     6 |    10 ||    56
       Finesse           |       |       |       |     1 |     4 |     4 |     1 |     2 |     2 ||    14
       Potion Petition   |       |       |       |       |       |       |       |       |    25 ||    25
       Call Merchant     |       |       |       |       |       |       |       |       |    15 ||    15
       Bribe Branch      |       |       |       |       |       |       |       |       |     4 ||     4
 Abil: Evoke Invisibilit |       |       |       |       |       |     9 |    16 |    10 |    33 ||    68
       Evoke Flight      |       |       |       |       |       |     2 |     1 |       |       ||     3
       End Transformatio |       |       |       |       |       |       |       |       |    11 ||    11
Evoke: Wand              |       |       |     6 |    15 |       |       |       |     1 |    15 ||    37
       Lamp of fire      |       |       |       |       |       |       |     1 |       |       ||     1
       Phantom mirror    |       |       |       |       |       |       |       |       |     1 ||     1
  Use: Potion            |     3 |     2 |       |     3 |     1 |     1 |       |       |    40 ||    50
       Scroll            |     6 |     1 |     8 |    16 |    13 |    18 |    18 |    14 |   129 ||   223
 Stab: Sleeping          |       |     1 |     2 |     2 |       |       |       |       |    86 ||    91
       Distracted        |       |       |       |     1 |       |       |       |       |   169 ||   170
       Confused          |       |       |       |     1 |     8 |    48 |     5 |     5 |     5 ||    72
       Invisible         |       |       |       |       |       |    20 |    27 |    14 |    71 ||   132
  Eat: Chunk             |     4 |     6 |    10 |    25 |    34 |    24 |    29 |    20 |    24 ||   176
       Ration            |       |     1 |     1 |     3 |     6 |    12 |     6 |     8 |    73 ||   110
Armor: Robe              |    29 |       |       |       |       |       |       |       |       ||    29
       Ring mail         |    14 |    52 |    71 |   205 |    57 |       |       |       |       ||   399
       Leather armour    |     8 |       |       |       |       |       |       |       |       ||     8
       Chain mail        |       |       |    24 |       |       |       |       |       |       ||    24
       Gold dragon scale |       |       |       |       |   213 |   743 |   334 |   260 |   454 ||  2004
       Acid dragon scale |       |       |       |       |       |       |       |     5 |  1283 ||  1288
Dodge: Dodged            |    80 |    57 |   165 |   408 |   406 |   686 |   389 |   209 |  3247 ||  5647
Block: Other             |       |     2 |    33 |    51 |       |       |       |       |       ||    86
       Reflection        |       |       |     2 |     2 |    16 |    27 |    45 |    53 |   261 ||   406
       Buckler           |       |       |       |       |   231 |   426 |   240 |    64 |       ||   961
       Shield            |       |       |       |       |       |       |       |   352 |  7682 ||  8034
       Large shield      |       |       |       |       |       |       |       |       |   843 ||   843
       Rpst.: Falchion   |       |       |       |     2 |       |       |       |       |       ||     2
       Demon blade       |       |       |       |       |       |       |       |       |     1 ||     1
